Workbook
Name \b: #REF!
Name \b: #REF!
Name \b: #REF!
Name \c: #REF!
Name \c: #REF!
Name \c: #REF!
Name \fagf: #REF!
Name \fagf: #REF!
Name \fagf: #REF!
Name \I: #REF!
Name \I: #REF!
Name \I: #REF!
Name \I: #REF!
Name \p: #REF!
Name \p: #REF!
Name \p: #REF!
Name \S: #REF!
Name \S: [1]COMPOS1!#REF!
Name \S: [1]COMPOS1!#REF!
Name \S: [1]COMPOS1!#REF!
Name _: #REF!
Name _: #REF!
Name _: #REF!
Name ____________________ta105: #REF!
Name ____________________ta105: #REF!
Name ____________________ta105: #REF!
Name ____________________ta157: #REF!
Name ____________________ta157: #REF!
Name ____________________ta157: #REF!
Name __________________ta105: #REF!
Name __________________ta105: #REF!
Name __________________ta105: #REF!
Name __________________ta157: #REF!
Name __________________ta157: #REF!
Name __________________ta157: #REF!
Name _________________ta105: #REF!
Name _________________ta105: #REF!
Name _________________ta105: #REF!
Name _________________ta157: #REF!
Name _________________ta157: #REF!
Name _________________ta157: #REF!
Name ________________ta105: #REF!
Name ________________ta105: #REF!
Name ________________ta105: #REF!
Name ________________ta157: #REF!
Name ________________ta157: #REF!
Name ________________ta157: #REF!
Name _______________Ext2: #REF!
Name _______________Ext2: #REF!
Name _______________Ext2: #REF!
Name _______________ta105: #REF!
Name _______________ta105: #REF!
Name _______________ta105: #REF!
Name _______________ta157: #REF!
Name _______________ta157: #REF!
Name _______________ta157: #REF!
Name ______________Ext2: #REF!
Name ______________Ext2: #REF!
Name ______________Ext2: #REF!
Name ______________ta105: #REF!

Sheet QUADRO ANTIGO
B1: =#REF! -> #REF!
B2: =#REF! -> #REF!
B3: =#REF! -> #REF!
B4: =#REF! -> #REF!
B6: OBRA: | C6: =#REF! -> #REF!
B7: EXTENSÃO: | C7: =#REF! -> #REF!
A9: PLANILHA DE QUANTIDADES
A10: Item | B10: Código | C10: Referência | D10: Descrição do Serviço | E10: DMT (km) | F10: Unid. | G10: Quantidade
A11: 1 | D11: SERVIÇOS INICIAIS
A12: 1.1 | B12: AL | C12: SICRO | D12: ADMINISTRAÇÃO LOCAL | F12: un | G12: 1
A13: 1.2 | B13: MOB | C13: SICRO | D13: MOBILIZAÇÃO E DESMOBILIZAÇÃO | F13: un | G13: 1
A14: 1.3 | B14: IC | C14: SICRO | D14: INSTALAÇÃO DO CANTEIRO DE OBRAS | F14: un | G14: 1
A15: 1.4 | D15: SINALIZAÇÃO DE OBRAS
A16: 1.4.1 | B16: 5213572 | C16: SICRO | D16: Placa em aço - película III + III - fornecimento e implantação | F16: m² | G16: 192
A17: 1.4.2 | B17: 5213850 | C17: SICRO | D17: Operação de sinalização por bandeirola de tecido ou com placa metálica | F17: h | G17: 4224
A18: 1.4.3 | B18: 5213835 | C18: SICRO | D18: Cone plástico para canalização de trânsito - utilização de 150 ciclos - fornecimento, 01 implantação e 01 retirada diária | F18: un.dia | G18: 168960
A19: 1.4.4 | B19: 5213836 | C19: SICRO | D19: Balizador cônico refletivo em polietileno semiflexível de 114 x 11 x 40 cm - utilização de 150 ciclos - fornecimento, 01 implantação e 01 retirada diária | F19: un.dia | G19: 168960
A20: 2 | D20: RODOVIAS PAVIMENTADAS
A21: 2.1 | D21: SERVIÇOS DE TERRAPLENAGEM
A22: 2.1.1 | B22: 5501700 | C22: SICRO | D22: Desmatamento, destocamento e limpeza de área com árvores de diâmetro até 0,15 m | F22: m² | G22: 138240
A23: 2.1.2 | B23: 5501701 | C23: SICRO | D23: Destocamento de árvores com diâmetro de 0,15 a 0,30 m | F23: un | G23: 960
A24: 2.1.3 | B24: 5501702 | C24: SICRO | D24: Destocamento de árvores com diâmetro maior que 0,30 m | F24: un | G24: 960
A25: 2.1.4 | B25: 4915768 | C25: SICRO | D25: Corte e remoção de árvores | F25: m³ | G25: =ROUND(1450.225,2) -> 1450.23
A26: 2.1.5 | B26: 4016008 | C26: SICRO | D26: Escavação e carga de material de jazida com trator de 127 kW e carregadeira de 3,4 m³ | F26: m³ | G26: =ROUND(46013.228,2) -> 46013.23
A27: 2.1.6 | B27: 4016096 | C27: SICRO | D27: Escavação e carga de material de jazida com escavadeira hidráulica de 1,56 m³ | F27: m³ | G27: 66000
A28: 2.1.7 | B28: 5502979 | C28: SICRO | D28: Construção de corpo de aterro com material de 3ª categoria oriundo de corte | F28: m³ | G28: 9600
A29: 2.1.8 | B29: 5502978 | C29: SICRO | D29: Compactação de aterros a 100% do Proctor normal | F29: m³ | G29: =ROUND(121613.228,2) -> 121613.23
A30: 2.1.9 | B30: 4805757 | C30: SICRO | D30: Escavação mecânica de vala em material de 1ª categoria | F30: m³ | G30: 21600
A31: 2.2 | D31: SERVIÇOS DE PAVIMENTAÇÃO
A32: 2.2.1 | B32: 4915667 | C32: SICRO | D32: Remoção mecanizada de revestimento asfáltico | F32: m³ | G32: 849.6 | J32: REDUÇÃO FRESAGEM | K32: =P45 -> 0.815
A33: 2.2.2 | B33: 4011209 | C33: SICRO | D33: Regularização do subleito | F33: m² | G33: 115200
A34: 2.2.3 | B34: 4011481 | C34: SICRO | D34: Reciclagem simples com incorporação do revestimento asfáltico à base | F34: m³ | G34: =ROUND(6901.986,2) -> 6901.99 | I34: Consumo | J34: Massa específica (t/m³) | K34: Quantidade Massa | M34: Quantidade reduzida (m³) | N34: Massa específica (t/m³) | O34: Quantidade Massa (t)
A35: 2.2.4 | B35: 4915655 | C35: SICRO | D35: Fresagem contínua de revestimento asfáltico - espessura de 3 cm (exclusive transporte) | F35: m³ | G35: =ROUND(1987.773*(1-P45),2) -> 367.74 | I35: 1 | J35: 2.4 | K35: =G35*J35 -> 882.58 | M35: =G35*(1-$K$32) -> 68.03 | N35: 2.4 | O35: =M35*N35 -> 163.27
A36: 2.2.5 | B36: 4915661 | C36: SICRO | D36: Fresagem descontínua de revestimento asfáltico - espessura de 3 cm (exclusive transporte) | F36: m³ | G36: =ROUND(3312.959*(1-P45),2) -> 612.9 | I36: 1 | J36: 2.4 | K36: =G36*J36 -> 1470.96 | M36: =G36*(1-$K$32) -> 113.39 | N36: 2.4 | O36: =M36*N36 -> 272.14
A37: 2.2.6 | B37: 4915657 | C37: SICRO | D37: Fresagem contínua de revestimento asfáltico - espessura de 5 cm (exclusive transporte) | F37: m³ | G37: =ROUND(6625.919*(1-P45),2) -> 1225.8 | I37: 1 | J37: 2.4 | K37: =G37*J37 -> 2941.92 | M37: =G37*(1-$K$32) -> 226.77 | N37: 2.4 | O37: =M37*N37 -> 544.25
A38: 2.2.7 | B38: 4915663 | C38: SICRO | D38: Fresagem descontínua de revestimento asfáltico - espessura de 5 cm (exclusive transporte) | F38: m³ | G38: =ROUND(12147.508*(1-P45),2) -> 2247.29 | I38: 1 | J38: 2.4 | K38: =G38*J38 -> 5393.5 | M38: =G38*(1-$K$32) -> 415.75 | N38: 2.4 | O38: =M38*N38 -> 997.8
A39: 2.2.8 | B39: 4011279 | C39: SICRO | D39: Base ou sub-base de macadame seco com brita comercial | F39: m³ | G39: 257.52 | J39: TOTAL | K39: =SUM(K35:K38) -> 10688.96 | N39: TOTAL | O39: =SUM(O35:O38) -> 1977.46
A40: 2.2.9 | B40: DBR4011276 | C40: SICRO | D40: Execução de base ou sub-base de brita graduada | F40: m³ | G40: 536.4
A41: 2.2.10 | B41: PN-01 | C41: COTAÇÃO | D41: Fornecimento de brita graduada comercial | F41: m³ | G41: =ROUND((G40+0.8*G48+0.445*G49)*1.3333,2) -> 2296.16 | H41: Calculado
A42: 2.2.11 | B42: 4011352 | C42: SICRO | D42: Imprimação com emulsão asfáltica (EXCLUSIVE MATERIAL ASFÁLTICO) | F42: m² | G42: 2664
A43: 2.2.12 | B43: 4011353 | C43: SICRO | D43: Pintura de ligação (EXCLUSIVE MATERIAL ASFÁLTICO) | F43: m² | G43: 82728
A44: 2.2.13 | B44: 4011464 | C44: SICRO | D44: Concreto asfáltico - faixa C - massa comercial (EXCLUSIVE MATERIAL ASFÁLTICO) | F44: t | G44: =ROUND((G35+G36+G37+G38)*2.4,2) -> 10688.95
A45: 2.2.14 | B45: PN-02 | C45: COTAÇÃO | D45: Fornecimento concreto betuminoso usinado quente - massa comercial exclusive ligante e transporte | F45: t | G45: =ROUND(G44+(G46+G47+G48*0.2+G49*0.11+G57)*2.4+G58,2) -> 13197.95 | I45: Consumo | J45: Massa específica (t/m³) | K45: Quantidade Massa | O45: REDUÇÃO MASSA ASFÁLTICA | P45: 0.815
A46: 2.2.15 | B46: 4915703 | C46: SICRO | D46: Correção de defeitos com mistura betuminosa (EXCLUSIVE MATERIAL ASFÁLTICO) (TAPA-BURACO COM ROLO COMPACTADOR) | F46: m³ | G46: =ROUND(100*(1-P45),2) -> 18.5 | I46: 1 | J46: 2.4 | K46: =G46*J46 -> 44.4
A47: 2.2.16 | B47: 4915632 | C47: SICRO | D47: Reparo localizado com pintura de ligação - demolição mecânica e corte com serra (EXCLUSIVE MATERIAL ASFÁLTICO) (REMENDO SUPERFICIAL DO DAER) | F47: m³ | G47: =ROUND(276.083*(1-P45),2) -> 51.08 | I47: 1 | J47: 2.4 | K47: =G47*J47 -> 122.59
A48: 2.2.17 | B48: 4915631 | C48: SICRO | D48: Remendo profundo com imprimação com emulsão asfáltica - demolição mecânica e corte com serra (EXCLUSIVE MATERIAL ASFÁLTICO) (REMENDO SUB-SUPERFICIAL DO DAER) | F48: m³ | G48: =ROUND(5521.589*(1-P45),2) -> 1021.49 | I48: 0.2 | J48: 2.4 | K48: =I48*J48*G48 -> 490.32
A49: 2.2.18 | B49: DBR4915631 | C49: SICRO | D49: Remendo Profundo do DAER | F49: m³ | G49: =ROUND(828.248,2) -> 828.25 | I49: 0.11 | J49: 2.4 | K49: =I49*J49*G49 -> 218.66
A50: 2.2.19 | B50: PN-03 | C50: SICRO | D50: MATERIAL DE SUB-BASE RACHÃO PARA REMENDO PROFUNDO | F50: m³ | G50: =ROUND(G49*0.445*1.4,2) -> 516 | H50: Calculado | J50: TOTAL | K50: =SUM(K46:K49) -> 875.97
A51: 2.2.20 | B51: 4915636 | C51: SICRO | D51: Capa selante - pedrisco comercial (EXCLUSIVE MATERIAL ASFÁLTICO) | F51: m² | G51: 400000 | H51: 204000
A52: 2.2.21 | B52: 4915626 | C52: SICRO | D52: Selagem de trincas mecanizada em pavimento flexível com emulsão - areia comercial | F52: m | G52: 28800 | J52: NOVO TOTAL
A53: 2.2.22 | B53: DBR4011408 | C53: SICRO | D53: Microrrevestimento a frio com emulsão modificada com polímero de 0,8 cm - faixa II - brita comercial (EXCLUSIVE MATERIAL ASFÁLTICO) | F53: m² | G53: 300000 | I53: 180000 | J53: ='Planilha Orçamentaria'!J134 -> 36206053
A54: 2.2.23 | B54: 4011358 | C54: SICRO | D54: Tratamento superficial simples com emulsão - brita comercial (EXCLUSIVE MATERIAL ASFÁLTICO) | F54: m² | G54: 50000 | H54: =ROUND(27607.943,2) -> 27607.94
A55: 2.2.24 | B55: 4011370 | C55: SICRO | D55: Tratamento superficial duplo com emulsão - brita comercial (EXCLUSIVE MATERIAL ASFÁLTICO) | F55: m² | G55: 100000 | H55: =ROUND(55215.887,2) -> 55215.89
A56: 2.2.25 | B56: 4011212 | C56: SICRO | D56: Varredura da superfície para execução de revestimento asfáltico | F56: m² | G56: 360200 | I56: Consumo | J56: Massa específica (t/m³) | K56: Quantidade Massa
A57: 2.2.26 | B57: DBR4915703 | C57: SICRO | D57: Tapa buraco emergencial em CBUQ s/ fornecimento e transporte de massa asfáltica | F57: m³ | G57: =ROUND(2928*(1-P45),2) -> 541.68 | I57: 1 | J57: 2.4 | K57: =G57*J57 -> 1300.03
A58: 2.2.27 | B58: DRS0008084 | C58: DAER | D58: Reperfilagem em CBUQ com motoniveladora exclusive materiais (massa comercial) | F58: t | G58: =ROUND(1800*(1-P45),2) -> 333 | I58: 1 | J58: 1 | K58: =G58*J58 -> 333
A59: 2.3 | D59: TRANSPORTES | J59: TOTAL | K59: =SUM(K57:K58) -> 1633.03
A60: 2.3.1 | B60: 5914389 | C60: SICRO | D60: Transporte com caminhão basculante de 10 m³ - rodovia pavimentada (Brita 4 - para macadame) | E60: =#REF! -> #REF! | F60: tkm | G60: =ROUND($G$39*1.5*1.26*E60,2) -> #REF! | H60: Calculado
A61: 2.3.2 | B61: 5914374 | C61: SICRO | D61: Transporte com caminhão basculante de 10 m³ - rodovia em revestimento primário (Brita 4 - para macadame) | E61: =#REF! -> #REF! | F61: tkm | G61: =ROUND($G$39*1.5*1.26*E61,2) -> #REF! | H61: Calculado
A62: 2.3.3 | B62: 5914359 | C62: SICRO | D62: Transporte com caminhão basculante de 10 m³ - rodovia em leito natural (Brita 4 - para macadame) | E62: =#REF! -> #REF! | F62: tkm | G62: =ROUND($G$39*1.5*1.26*E62,2) -> #REF! | H62: Calculado
A63: 2.3.4 | B63: 5914389 | C63: SICRO | D63: Transporte com caminhão basculante de 10 m³ - rodovia pavimentada (BGS) | E63: =#REF! -> #REF! | F63: tkm | G63: =ROUND($G$41*1.8*E63,2) -> #REF! | H63: Calculado
A64: 2.3.5 | B64: 5914374 | C64: SICRO | D64: Transporte com caminhão basculante de 10 m³ - rodovia em revestimento primário (BGS) | E64: =#REF! -> #REF! | F64: tkm | G64: =ROUND($G$41*1.8*E64,2) -> #REF! | H64: Calculado
A65: 2.3.6 | B65: 5914359 | C65: SICRO | D65: Transporte com caminhão basculante de 10 m³ - rodovia em leito natural (BGS) | E65: =#REF! -> #REF! | F65: tkm | G65: =ROUND($G$41*1.8*E65,2) -> #REF! | H65: Calculado
A66: 2.3.16 | B66: 5914389 | C66: SICRO | D66: Transporte com caminhão basculante de 10 m³ - rodovia pavimentada (Concreto asfáltico) | E66: =#REF! -> #REF! | F66: tkm | G66: =ROUND(E66*$G$44,2) -> #REF! | H66: Calculado
A67: 2.3.17 | B67: 5914374 | C67: SICRO | D67: Transporte com caminhão basculante de 10 m³ - rodovia em revestimento primário (Conncreto asfáltico) | E67: =#REF! -> #REF! | F67: tkm | G67: =ROUND(E67*$G$44,2) -> #REF! | H67: Calculado
A68: 2.3.18 | B68: 5914359 | C68: SICRO | D68: Transporte com caminhão basculante de 10 m³ - rodovia em leito natural (Concreto asfáltico) | E68: =#REF! -> #REF! | F68: tkm | G68: =ROUND(E68*$G$44,2) -> #REF! | H68: Calculado
A69: 2.3.19 | B69: 5914635 | C69: SICRO | D69: Transporte com cavalo mecânico com semirreboque com capacidade de 22 t - rodovia em leito natural (Equipamentos) | E69: =#REF! -> #REF! | F69: tkm | G69: =ROUND(432.23*E69,2) -> #REF! | H69: Calculado
A70: 2.3.20 | B70: 5914636 | C70: SICRO | D70: Transporte com cavalo mecânico com semirreboque com capacidade de 22 t - rodovia em revestimento primário (Equipamentos) | E70: =#REF! -> #REF! | F70: tkm | G70: =ROUND(432.23*E70,2) -> #REF! | H70: Calculado
A71: 2.3.21 | B71: 5914637 | C71: SICRO | D71: Transporte com cavalo mecânico com semirreboque com capacidade de 22 t - rodovia pavimentada (Equipamentos) | E71: =#REF! -> #REF! | F71: tkm | G71: =ROUND(432.23*E71,2) -> #REF! | H71: Calculado
A72: 2.3.22 | B72: 5914389 | C72: SICRO | D72: Transporte com caminhão basculante de 10 m³ - rodovia pavimentada (Bota-fora, material orgânico) | E72: =#REF! -> #REF! | F72: tkm | G72: =ROUND(($G$22*0.15+$G$25)*1.5*E72,2) -> #REF! | H72: Calculado
A73: 2.3.23 | B73: 5914374 | C73: SICRO | D73: Transporte com caminhão basculante de 10 m³ - rodovia em revestimento primário (Bota-fora, material orgânico) | E73: =#REF! -> #REF! | F73: tkm | G73: =ROUND(($G$22*0.15+$G$25)*1.5*E73,2) -> #REF! | H73: Calculado
A74: 2.3.24 | B74: 5914359 | C74: SICRO | D74: Transporte com caminhão basculante de 10 m³ - rodovia em leito natural (Bota-fora, material orgânico) | E74: =#REF! -> #REF! | F74: tkm | G74: =ROUND(($G$22*0.15+$G$25)*1.5*E74,2) -> #REF! | H74: Calculado
A75: 2.3.25 | B75: 5914389 | C75: SICRO | D75: Transporte com caminhão basculante de 10 m³ - rodovia pavimentada (material fresado) | E75: =#REF! -> #REF! | F75: tkm | G75: =ROUND((G35+G36+G37+G38)*2.4*E75,2) -> #REF! | H75: Calculado
A76: 2.3.26 | B76: 5914374 | C76: SICRO | D76: Transporte com caminhão basculante de 10 m³ - rodovia em revestimento primário (Solos) | E76: =#REF! -> #REF! | F76: tkm | G76: =ROUND(($G$29*1.75*E76+$G$113*E76),2) -> #REF! | H76: Calculado
A77: 2.3.27 | B77: 5914389 | C77: SICRO | D77: Transporte com caminhão basculante de 10 m³ - rodovia pavimentada (Solos) | E77: =#REF! -> #REF! | F77: tkm | G77: =ROUND(($G$29*1.75*E77+$G$113*E77),2) -> #REF! | H77: Calculado
A78: 2.3.28 | B78: 5914359 | C78: SICRO | D78: Transporte com caminhão basculante de 10 m³ - rodovia em leito natural (Solos) | E78: =#REF! -> #REF! | F78: tkm | G78: =ROUND(($G$29*1.75*E78+$G$113*E78),2) -> #REF! | H78: Calculado
A79: 2.3.29 | B79: 5914389 | C79: SICRO | D79: Transporte com caminhão basculante de 10 m³ - rodovia pavimentada (Pó de pedra - para macadame) | E79: =#REF! -> #REF! | F79: tkm | G79: =ROUND($G$39*1.5*0.14*E79,2) -> #REF! | H79: Calculado
A80: 2.3.30 | B80: 5914374 | C80: SICRO | D80: Transporte com caminhão basculante de 10 m³ - rodovia em revestimento primário (Pó de pedra - para macadame) | E80: =#REF! -> #REF! | F80: tkm | G80: =ROUND($G$39*1.5*0.14*E80,2) -> #REF! | H80: Calculado
A81: 2.3.31 | B81: 5914359 | C81: SICRO | D81: Transporte com caminhão basculante de 10 m³ - rodovia em leito natural (Pó de pedra - para macadame) | E81: =#REF! -> #REF! | F81: tkm | G81: =ROUND($G$39*1.5*0.14*E81,2) -> #REF! | H81: Calculado
A82: 2.3.32 | B82: 5914344 | C82: SICRO | D82: Transporte com caminhão basculante de 6 m³ - rodovia pavimentada (Pedrisco - capa selante) | E82: =#REF! -> #REF! | F82: tkm | G82: =ROUND(($G$51*1.5*0.0029)*E82,2) -> #REF! | H82: Calculado
A83: 2.3.33 | B83: 5914329 | C83: SICRO | D83: Transporte com caminhão basculante de 6 m³ - rodovia em revestimento primário (Pedrisco - capa selante) | E83: =#REF! -> #REF! | F83: tkm | G83: =ROUND(($G$51*1.5*0.0029)*E83,2) -> #REF! | H83: Calculado
A84: 2.3.34 | B84: 5914314 | C84: SICRO | D84: Transporte com caminhão basculante de 6 m³ - rodovia em leito natural (Pedrisco - capa selante) | E84: =#REF! -> #REF! | F84: tkm | G84: =ROUND(($G$51*1.5*0.0029)*E84,2) -> #REF! | H84: Calculado
A85: 2.3.35 | B85: 5914344 | C85: SICRO | D85: Transporte com caminhão basculante de 6 m³ - rodovia pavimentada (Areia média - selagem de trincas) | E85: =#REF! -> #REF! | F85: tkm | G85: =ROUND(0.00096*$G$52*E85,2) -> #REF! | H85: Calculado
A86: 2.3.36 | B86: 5914329 | C86: SICRO | D86: Transporte com caminhão basculante de 6 m³ - rodovia em revestimento primário (Areia média - selagem de trincas) | E86: =#REF! -> #REF! | F86: tkm | G86: =ROUND(0.00096*$G$52*E86,2) -> #REF! | H86: Calculado
A87: 2.3.37 | B87: 5914314 | C87: SICRO | D87: Transporte com caminhão basculante de 6 m³ - rodovia em leito natural (Areia média - selagem de trincas) | E87: =#REF! -> #REF! | F87: tkm | G87: =ROUND(0.00096*$G$52*E87,2) -> #REF! | H87: Calculado
A88: 2.3.38 | B88: 5914389 | C88: SICRO | D88: Transporte com caminhão basculante de 10 m³ - rodovia pavimentada (Rachão) | E88: =#REF! -> #REF! | F88: tkm | G88: =ROUND($G$50*1.5*E88,2) -> #REF! | H88: Calculado
A89: 2.3.39 | B89: 5914374 | C89: SICRO | D89: Transporte com caminhão basculante de 10 m³ - rodovia em revestimento primário (Rachão) | E89: =#REF! -> #REF! | F89: tkm | G89: =ROUND($G$50*1.5*E89,2) -> #REF! | H89: Calculado
A90: 2.3.40 | B90: 5914359 | C90: SICRO | D90: Transporte com caminhão basculante de 10 m³ - rodovia em leito natural (Rachão) | E90: =#REF! -> #REF! | F90: tkm | G90: =ROUND($G$50*1.5*E90,2) -> #REF! | H90: Calculado
A91: 2.3.41 | B91: 5914389 | C91: SICRO | D91: Transporte com caminhão basculante de 10 m³ - rodovia pavimentada (Brita 0 - para microrrevestimento) | E91: =#REF! -> #REF! | F91: tkm | G91: =ROUND(0.0024*$G$53*E91,2) -> #REF! | H91: Calculado
A92: 2.3.42 | B92: 5914374 | C92: SICRO | D92: Transporte com caminhão basculante de 10 m³ - rodovia em revestimento primário (Brita 0 - para microrrevestimento) | E92: =#REF! -> #REF! | F92: tkm | G92: =ROUND(0.0024*$G$53*E92,2) -> #REF! | H92: Calculado
A93: 2.3.43 | B93: 5914359 | C93: SICRO | D93: Transporte com caminhão basculante de 10 m³ - rodovia em leito natural (Brita 0 - para microrrevestimento) | E93: =#REF! -> #REF! | F93: tkm | G93: =ROUND(0.0024*$G$53*E93,2) -> #REF! | H93: Calculado
A94: 2.3.44 | B94: 5914389 | C94: SICRO | D94: Transporte com caminhão basculante de 10 m³ - rodovia pavimentada (Pó de pedra - para microrrevestimento) | E94: =#REF! -> #REF! | F94: tkm | G94: =ROUND(0.0024*$G$53*E94,2) -> #REF! | H94: Calculado
A95: 2.3.45 | B95: 5914374 | C95: SICRO | D95: Transporte com caminhão basculante de 10 m³ - rodovia em revestimento primário (Pó de pedra - para microrrevestimento) | E95: =#REF! -> #REF! | F95: tkm | G95: =ROUND(0.0024*$G$53*E95,2) -> #REF! | H95: Calculado
A96: 2.3.46 | B96: 5914359 | C96: SICRO | D96: Transporte com caminhão basculante de 10 m³ - rodovia em leito natural (Pó de pedra - para microrrevestimento) | E96: =#REF! -> #REF! | F96: tkm | G96: =ROUND(0.0024*$G$53*E96,2) -> #REF! | H96: Calculado
A97: 2.3.47 | B97: 5914389 | C97: SICRO | D97: Transporte com caminhão basculante de 10 m³ - rodovia pavimentada (Brita 0 - TSS e TSD) | E97: =#REF! -> #REF! | F97: tkm | G97: =ROUND(($G$54*1.5*0.00667*E97)+($G$55*1.5*0.00733*E97),2) -> #REF! | H97: Calculado
A98: 2.3.48 | B98: 5914374 | C98: SICRO | D98: Transporte com caminhão basculante de 10 m³ - rodovia em revestimento primário (Brita 0 - TSS e TSD) | E98: =#REF! -> #REF! | F98: tkm | G98: =ROUND(($G$54*1.5*0.00667*E98)+($G$55*1.5*0.00733*E98),2) -> #REF! | H98: Calculado
A99: 2.3.49 | B99: 5914359 | C99: SICRO | D99: Transporte com caminhão basculante de 10 m³ - rodovia em leito natural (Brita 0 - TSS e TSD)) | E99: =#REF! -> #REF! | F99: tkm | G99: =ROUND(($G$54*1.5*0.00667*E99)+($G$55*1.5*0.00733*E99),2) -> #REF! | H99: Calculado
A100: 2.3.50 | B100: 5914389 | C100: SICRO | D100: Transporte com caminhão basculante de 10 m³ - rodovia pavimentada (Brita 1 - TSD) | E100: =#REF! -> #REF! | F100: tkm | G100: =ROUND(($G$55*1.5*0.015*E100),2) -> #REF! | H100: Calculado
A101: 2.3.51 | B101: 5914374 | C101: SICRO | D101: Transporte com caminhão basculante de 10 m³ - rodovia em revestimento primário (Brita 1 - TSD) | E101: =#REF! -> #REF! | F101: tkm | G101: =ROUND(($G$55*1.5*0.015*E101),2) -> #REF! | H101: Calculado
A102: 2.3.52 | B102: 5914359 | C102: SICRO | D102: Transporte com caminhão basculante de 10 m³ - rodovia em leito natural (Brita 1 - TSD) | E102: =#REF! -> #REF! | F102: tkm | G102: =ROUND(($G$55*1.5*0.015*E102),2) -> #REF! | H102: Calculado
...

Sheet Planilha Quantidades
B6: OBRA: | C6: Conserva Emergencial de Rodovias Pavimentadas da 10ªCR - Santa Rosa
B7: EXTENSÃO: | C7: 736.28
A9: PLANILHA DE QUANTIDADES
A10: Item | B10: Código | C10: Referência | D10: Descrição do Serviço | E10: DMT (km) | F10: Unid. | G10: Quantidade
A11: 1 | D11: SERVIÇOS INICIAIS
A12: 1.1 | B12: AL | C12: SICRO | D12: ADMINISTRAÇÃO LOCAL | F12: un | G12: 1
A13: 1.2 | B13: MOB | C13: SICRO | D13: MOBILIZAÇÃO E DESMOBILIZAÇÃO | F13: un | G13: 1
A14: 1.3 | B14: IC | C14: SICRO | D14: INSTALAÇÃO DO CANTEIRO DE OBRAS | F14: un | G14: 1
A15: 1.4 | B15: ICU | C15: SICRO | D15: INSTALAÇÃO DO CANTEIRO DE OBRAS PARA USINA | F15: un | G15: 1
A16: 1.5 | B16: ALU | C16: SICRO | D16: ADMINISTRAÇÃO LOCAL USINA | F16: un | G16: 1
A17: 2 | D17: TERRAPLENAGEM
A18: 2.1 | B18: 5501702 | C18: SICRO | D18: DESTOCAMENTO DE ÁRVORES COM DIÂMETRO MAIOR QUE 0,30 M | F18: UNID | G18: 30
A19: 2.2 | B19: 5501700 | C19: SICRO | D19: DESMATAMENTO, DESTOCAMENTO E LIMPEZA DE ÁREA COM ÁRVORES DE DIÂMETRO ATÉ 0,15 M | F19: M² | G19: 8000
A20: 2.3 | B20: 4805757 | C20: SICRO | D20: ESCAVAÇÃO MECÂNICA DE VALA EM MATERIAL DE 1ª CATEGORIA | F20: M³ | G20: 70
A21: 2.4 | B21: 4805762 | C21: SICRO | D21: ESCAVAÇÃO MECÂNICA DE VALA EM MATERIAL DE 2ª CATEGORIA | F21: M³ | G21: 20
A22: 2.5 | B22: 4805765 | C22: SICRO | D22: ESCAVAÇÃO DE VALA EM MATERIAL DE 3ª CATEGORIA | F22: M³ | G22: 20
A23: 2.6 | B23: 4815671 | C23: SICRO | D23: REATERRO E COMPACTAÇÃO COM SOQUETE VIBRATÓRIO | F23: M³ | G23: 45
A24: 2.7 | B24: 5502589 | C24: SICRO | D24: ESCAVAÇÃO, CARGA E TRANSPORTE DE MATERIAL DE 2ª CATEGORIA - DMT DE 800 A 1.000 M - CAMINHO DE SERVIÇO EM LEITO NATURAL - COM ESCAVADEIRA E CAMINHÃO | F24: M³ | G24: 300
A25: 2.8 | B25: 5502880 | C25: SICRO | D25: ESCAVAÇÃO, CARGA E TRANSPORTE DE MATERIAL DE 2ª CATEGORIA NA DISTÂNCIA DE 3.000 M - CAMINHO DE SERVIÇO EM LEITO NATURAL - COM ESCAVADEIRA E CAMINHÃ | F25: M³ | G25: 300
A26: 2.9 | B26: 5915319 | C26: SICRO | D26: TRANSPORTE COM CAMINHÃO BASCULANTE DE 14 M³ - RODOVIA EM LEITO NATURAL - EXEDENTE DMT = 2,50 KM | F26: TKM | G26: 300
A27: 2.10 | B27: 5502979 | C27: SICRO | D27: CONSTRUÇÃO DE CORPO DE ATERRO COM MATERIAL DE 3ª CATEGORIA ORIUNDO DE CORTE | F27: M³ | G27: 200
A28: 2.11 | B28: 5502111 | C28: SICRO | D28: ESCAVAÇÃO, CARGA E TRANSPORTE DE MATERIAL DE 1ª CATEGORIA - DMT DE 400 A 600 M - CAMINHO DE SERVIÇO EM LEITO NATURAL - COM ESCAVADEIRA E CAMINHÃO BA | F28: M³ | G28: 200
A29: 3 | D29: PAVIMENTAÇÃO
A30: 3.1 | B30: 4915667 | C30: SICRO | D30: REMOÇÃO MECANIZADA DE REVESTIMENTO ASFÁLTICO | F30: m³ | G30: 100
A31: 3.2 | B31: 4915632 | C31: DAER | D31: REPARO LOCALIZADO COM PINTURA DE LIGAÇÃO - DEMOLIÇÃO MECÂNICA E CORTE COM SERRA (EXCLUSIVE MATERIAL ASFÁLTICO) (REMENDO SUPERFICIAL DO DAER) | F31: m³ | G31: 408.85
A32: 3.3 | B32: 4915631 | C32: SICRO | D32: REMENDO PROFUNDO COM IMPRIMAÇÃO COM EMULSÃO ASFÁLTICA - DEMOLIÇÃO MECÂNICA E CORTE COM SERRA (EXCLUSIVE MATERIAL ASFÁLTICO) (REMENDO SUB-SUPERFICIAL DO DAER) | F32: m³ | G32: 256.87
A33: 3.4 | B33: DBR4915631 | C33: DAER | D33: REMENDO PROFUNDO DO DAER | F33: m³ | G33: 151.74
A34: 3.5 | B34: PN-03 | C34: COTAÇÃO | D34: FORNECIMENTO DE MATERIAL DE SUB-BASE RACHÃO PARA REMENDO PROFUNDO | F34: m³ | G34: 94.534
A35: 3.6 | B35: 4915657 | C35: SICRO | D35: FRESAGEM CONTÍNUA DE REVESTIMENTO ASFÁLTICO - ESPESSURA DE 5 CM (exclusive transporte) | F35: m³ | G35: 500
A36: 3.7 | B36: 4915663 | C36: SICRO | D36: FRESAGEM DESCONTÍNUA DE REVESTIMENTO ASFÁLTICO - ESPESSURA DE 5 CM (exclusive transporte) | F36: m³ | G36: 700
A37: 3.8 | B37: 4011408 | C37: SICRO | D37: MICRORREVESTIMENTO A FRIO COM EMULSÃO MODIFICADA COM POLÍMERO DE 0,8 CM - FAIXA II - BRITA COMERCIAL | F37: m² | G37: 800000
A38: 3.9 | B38: DBR4915703 | C38: DAER | D38: TAPA BURACO EMERGENCIAL EM CBUQ S/ FORNECIMENTO E TRANSPORTE DE MASSA ASFÁLTICA | F38: m³ | G38: 383.86
A39: 3.10 | B39: DRS8084 | C39: DAER | D39: REPERFILAGEM EM CBUQ COM MOTONIVELADORA - EXCLUSIVE MATERIAIS (MASSA COMERCIAL) | F39: t | G39: 495.04
A40: 3.11 | B40: 1600436 | C40: SICRO | D40: DEMOLIÇÃO MANUAL DE CONCRETO SIMPLES | F40: m³ | G40: 50
A41: 3.12 | B41: DRS0576 | C41: DAER | D41: ESCARIFIÇÃO E COMPACTAÇÃO BASE | F41: m³ | G41: 400
A42: 3.13 | B42: 5502111 | C42: SICRO | D42: ESCAVAÇÃO, CARGA E TRANSPORTE DE MATERIAL DE 1ª CATEGORIA - DMT DE 400 A 600 M - CAMINHO DE SERVIÇO EM LEITO NATURAL - COM ESCAVADEIRA E CAMINHÃO BASCULANTE DE 14 M³ | F42: m³ | G42: 500
A43: 3.14 | B43: 4413942 | C43: SICRO | D43: ESPALHAMENTO DE MATERIAL EM BOTA-FORA | F43: m³ | G43: 400
A44: 3.15 | B44: 4011209 | C44: SICRO | D44: REGULARIZAÇÃO DO SUBLEITO - 100% PROCTOR INTERMEDIÁRIO | F44: m² | G44: 2000
A45: 3.16 | B45: DRS6381 | C45: DAER | D45: SUB-BASE DE RACHÃO ENCHIMENTO BRITA COMERCIAL E CAM. BLOQUEIO BRITA COMERCIAL - exclusive transporte | F45: m³ | G45: 94.37
A46: 3.17 | B46: DBR4011276 | C46: SICRO | D46: BASE OU SUB-BASE DE BRITA GRADUADA COM BRITA COMERCIAL - 100% PROCTOR MODIFICADO | F46: m³ | G46: 400
A47: 3.18 | B47: PN-02 | C47: COTAÇÃO | D47: FORNECIMENTO DE BRITA GRADUADA COMERCIAL | F47: m³ | G47: 897.276
A48: 3.19 | B48: 4011352 | C48: SICRO | D48: IMPRIMAÇÃO COM EMULSÃO ASFÁLTICA | F48: m² | G48: 38110
A49: 3.20 | B49: 4011353 | C49: SICRO | D49: PINTURA DE LIGAÇÃO | F49: m² | G49: 150000
A50: 3.21 | B50: DBR4011463 | C50: SICRO | D50: CONCRETO ASFÁLTICO - FAIXA C-12,5 - AREIA E BRITA COMERCIAIS (EXCLUSIVE MASSA ASFÁLTICA) | F50: t | G50: 11901.99
A51: 4 | D51: TRANSPORTE
A52: 4.1 | B52: 5914389 | C52: SICRO | D52: Transporte com caminhão basculante de 10 m³ - rodovia pavimentada (Rachão para remendo profundo) | E52: 74.64 | F52: tkm | G52: 10584.03
A53: 4.2 | B53: 5914374 | C53: SICRO | D53: Transporte com caminhão basculante de 10 m³ - rodovia em revestimento primário (Rachão para remendo profundo) | F53: tkm | G53: 0
A54: 4.2 | B54: 5914344 | C54: SICRO | D54: Transporte com caminhão basculante de 6 m³ - rodovia pavimentada (Bota-fora) | E54: 4.5 | F54: tkm | G54: 9412.83
A55: 4.3 | B55: 5914329 | C55: SICRO | D55: Transporte com caminhão basculante de 6 m³ - rodovia em revestimento primário (Bota-fora) | E55: 0.5 | F55: tkm | G55: 1045.87
A56: 4.5 | B56: 5914314 | C56: SICRO | D56: Transporte com caminhão basculante de 6 m³ - rodovia em leito natural (Bota-fora) | E56: 0 | F56: tkm | G56: 0
A57: 4.4 | B57: 5914389 | C57: SICRO | D57: Transporte com caminhão basculante de 10 m³ - rodovia pavimentada (material fresado) | E57: 4.5 | F57: tkm | G57: 12960
A58: 4.5 | B58: 5914374 | C58: SICRO | D58: Transporte com caminhão basculante de 10 m³ - rodovia em revestimento primário (material fresado) | E58: 0.5 | F58: tkm | G58: 1440
A59: 4.8 | B59: 5914359 | C59: SICRO | D59: Transporte com caminhão basculante de 10 m³ - rodovia em leito natural (material fresado) | E59: 0 | F59: tkm | G59: 0
A60: 4.6 | B60: 5914389 | C60: SICRO | D60: Transporte com caminhão basculante de 10 m³ - rodovia pavimentada (Brita 0 - para microrrevestimento) | E60: 74.64 | F60: tkm | G60: 143308.8
A61: 4.10 | B61: 5914374 | C61: SICRO | D61: Transporte com caminhão basculante de 10 m³ - rodovia em revestimento primário (Brita 0 - para microrrevestimento) | F61: tkm | G61: 0
A62: 4.7 | B62: 5914389 | C62: SICRO | D62: Transporte com caminhão basculante de 10 m³ - rodovia pavimentada (Pó de pedra - para microrrevestimento) | E62: 74.64 | F62: tkm | G62: 573235.2
A63: 4.12 | B63: 5914374 | C63: SICRO | D63: Transporte com caminhão basculante de 10 m³ - rodovia em revestimento primário (Pó de pedra - para microrrevestimento) | F63: tkm | G63: 0
A64: 4.8 | B64: 5914389 | C64: SICRO | D64: Transporte com caminhão basculante de 10 m³ - rodovia pavimentada (Brita 1 - para sub-base rachão) | E64: 74.64 | F64: tkm | G64: 3962.12
A65: 4.14 | B65: 5914374 | C65: SICRO | D65: Transporte com caminhão basculante de 10 m³ - rodovia em revestimento primário (Brita 1 - para sub-base rachão | F65: tkm | G65: 0
A66: 4.9 | B66: 5914389 | C66: SICRO | D66: Transporte com caminhão basculante de 10 m³ - rodovia pavimentada (Rachão - para sub-base rachão) | E66: 74.64 | F66: tkm | G66: 10301.52
A67: 4.16 | B67: 5914374 | C67: SICRO | D67: Transporte com caminhão basculante de 10 m³ - rodovia em revestimento primário (Rachão - para sub-base rachão) | F67: tkm | G67: 0
A68: 4.10 | B68: 5914389 | C68: SICRO | D68: Transporte com caminhão basculante de 10 m³ - rodovia pavimentada (BGS) | E68: 74.64 | F68: tkm | G68: 120550.83
A69: 4.18 | B69: 5914374 | C69: SICRO | D69: Transporte com caminhão basculante de 10 m³ - rodovia em revestimento primário (BGS) | F69: tkm | G69: 0
A70: 4.11 | B70: 5914389 | C70: SICRO | D70: Transporte com caminhão basculante de 10 m³ - rodovia pavimentada - brita 0 (usinagem) | E70: 24.61 | F70: tkm | G70: 49391.31
A71: 4.12 | B71: 5914389 | C71: SICRO | D71: Transporte com caminhão basculante de 10 m³ - rodovia pavimentada - brita 1 (usinagem) | E71: 24.61 | F71: tkm | G71: 71343.01
A72: 4.13 | B72: 5914389 | C72: SICRO | D72: Transporte com caminhão basculante de 10 m³ - rodovia pavimentada - pó de pedra (usinagem) | E72: 24.61 | F72: tkm | G72: 153658.06
A73: 4.14 | B73: 5914389 | C73: SICRO | D73: Transporte com caminhão basculante de 10 m³ - rodovia pavimentada (Massa asfáltica) | E73: 60.64 | F73: tkm | G73: 721736.67
A74: 4.23 | B74: 5914374 | C74: SICRO | D74: Transporte com caminhão basculante de 10 m³ - rodovia em revestimento primário (Massa asfáltica) | F74: tkm | G74: 0
A75: 4.15 | B75: 5914637 | C75: SICRO | D75: Transporte com cavalo mecânico com semirreboque com capacidade de 22 t - rodovia pavimentada (Equipamentos) | E75: - | F75: tkm | G75: 880
A76: 5 | D76: SERVIÇOS DE CONSERVAÇÃO
A77: 5.1 | B77: DRS0003 | C77: DAER | D77: DESGALHAMENTO, CORTE EM TORAS E EMPILHAMENTO DE ÁRVORES H= 5,0 A 7,5M | F77: M³ | G77: 2000
A78: 5.2 | B78: 4915764 | C78: SICRO | D78: PODA DE ÁRVORES COM ATÉ 5 M DE ALTURA | F78: M³ | G78: 8600
A79: 5.3 | B79: 4915765 | C79: SICRO | D79: PODA DE ÁRVORES COM 5,0 M A 7,5 M DE ALTURA | F79: M³ | G79: 8600
A80: 5.4 | B80: 4915766 | C80: SICRO | D80: PODE DE ÁRVORES COM 7,5 M A 10,0 DE ALTURA | F80: M³ | G80: 500
A81: 5.5 | B81: 4915712 | C81: SICRO | D81: LIMPEZA DE BUEIRO | F81: M³ | G81: 50
A82: 5.6 | B82: DRS9214 | C82: DAER | D82: LIMPEZA E DESOBSTRUÇÃO DE BOCA DE BUEIRO | F82: UN | G82: 120
A83: 5.7 | B83: 4915709 | C83: SICRO | D83: LIMPEZA DE VALETA DE CORTE | F83: M | G83: 15000
A84: 5.8 | B84: DRS9210 | C84: DAER | D84: LIMPEZA DE VALETA C/ RETROESCAVADEIRA | F84: m | G84: 20000
A85: 5.9 | B85: DRS15200 | C85: DAER | D85: DESOBSTRUÇÃO MECÂNICA DE SARJETAS | F85: m | G85: 10000
A86: 5.10 | B86: DRS9213 | C86: DAER | D86: LIMPEZA E DESOBSTRUÇÃO DE CAIXA COLETORA | F86: UN | G86: 15
A87: 5.11 | B87: 4915672 | C87: SICRO | D87: LIMPEZA DE PONTE | F87: M | G87: 1000
A88: 5.12 | B88: 4915708 | C88: SICRO | D88: LIMPEZA DE SARJETA E MEIO-FIO | F88: M | G88: 3000
A89: 5.13 | B89: 4915718 | C89: SICRO | D89: LIMPEZA DE PLACA DE SINALIZAÇÃO | F89: M² | G89: 500
A90: 5.14 | B90: DRS15412 | C90: DAER | D90: RECUPERAÇÃO DE DEFENSAS METÁLICAS DANIFICADAS | F90: M | G90: 200
A91: 5.15 | B91: 1505879 | C91: SICRO | D91: ENROCAMENTO DE PEDRA ARRUMADA MANUALMENTE - PEDRA DE MÃO COMERCIAL - FORNECIMENTO E ASSENTAMENTO | F91: M³ | G91: 15
A92: 5.16 | B92: 1106057 | C92: SICRO | D92: CONCRETO MAGRO - CONFECÇÃO EM BETONEIRA E LANÇAMENTO MANUAL - AREIA E BRITA COMERCIAIS | F92: M³ | G92: 50
A93: 5.17 | B93: 3108004 | C93: SICRO | D93: FÔRMAS DE COMPENSADO RESINADO 14 MM - USO GERAL - UTILIZAÇÃO DE 2 VEZES - CONFECÇÃO, INSTALAÇÃO E RETIRADA | F93: M² | G93: 50
A94: 5.18 | B94: 4915734 | C94: SICRO | D94: RECOMPOSIÇÃO MECANIZADA DE ATERRO COM MATERIAL DE JAZIDA | F94: M³ | G94: 150
A95: 5.19 | B95: 4915737 | C95: SICRO | D95: REMOÇÃO MECANIZADA DE BARREIRA EM SOLO | F95: M³ | G95: 1000
A96: 5.20 | B96: 4915598 | C96: SICRO | D96: RECONFORMAÇÃO DA PLATAFORMA (Remoção mecanizada de leiras) | F96: M² | G96: 30000
A97: 5.21 | B97: 4915776 | C97: SICRO | D97: ROÇADA COM ROÇADEIRA COSTAL | F97: HA | G97: 600
A98: 5.22 | B98: 4915742 | C98: SICRO | D98: ROÇADA MECANIZADA COM ROÇADEIRA DE ARRASTE | F98: HA | G98: 1200
A99: 5.23 | B99: 4915744 | C99: SICRO | D99: CAPINA MANUAL | F99: M² | G99: 8000
A100: 5.24 | B100: 4413996 | C100: SICRO | D100: ENLEIVAMENTO | F100: M² | G100: 4280
A101: 5.25 | B101: 1600404 | C101: SICRO | D101: REMOÇÃO DE TUBOS DE CONCRETO COM DIÂMETRO DE 0,40 M A 1,00 M EM VALAS E BUEIROS (tubos D=0,60m) | F101: M | G101: 20
A102: 5.26 | B102: 1600404 | C102: SICRO | D102: REMOÇÃO DE TUBOS DE CONCRETO COM DIÂMETRO DE 0,40 M A 1,00 M EM VALAS E BUEIROS (tubos D=0,80m) | F102: M | G102: 30
... A105: 5.29 | B105: 1505860 | C105: SICRO | D105: ENROCAMENTO DE PEDRA JOGADA - PEDRA DE MÃO COMERCIAL - FORNECIMENTO E ASSENTAMENTO | F105: M³ | G105: 50
A106: 6 | D106: SINALIZAÇÃO
A107: 6.1 | B107: 5214001 | C107: SICRO | D107: PINTURA DE FAIXA COM TINTA ACRÍLICA EMULSIONADA EM ÁGUA - ESPESSURA DE 0,3 MM | F107: m² | G107: 60000
A108: 7 | D108: DRENAGEM
...

Sheet Planilha Orçamentaria
B1: DAER - Departamento Autônomo de Estradas de Rodagem
B2: DGP - Diretoria de Gestão e Projetos
B3: DPR – Divisão de Programação Rodoviária
B4: EER - Equipe de Economia Rodoviária
A6: OBRA: | B6: Conserva Emergencial de Rodovias Pavimentadas da 10ªCR - Santa Rosa | H6: ORÇAMENTO: | I6: S/ DESONERAÇÃO
A7: EXTENSÃO: | B7: 736.28 | H7: BDI SERVIÇOS: | I7: 0.279
A8: DATA BASE: | B8: 46113 | H8: BDI DIFERENCIADO: | I8: 0.15
A10: PLANILHA ORÇAMENTÁRIA
A11: Item | B11: Código | C11: Referência | D11: Discriminação | E11: Unid. | F11: Quantidade | G11: Preço Unitário (R$) | H11: BDI | I11: Preço Unitário c/ BDI (R$) | J11: Preço Total (R$)
A12: 1 | D12: SERVIÇOS INICIAIS
A13: 1.1 | B13: AL | C13: SICRO | D13: ADMINISTRAÇÃO LOCAL | E13: un | F13: 1 | G13: 904862.73 | H13: 0.279 | I13: 1157319.4 | J13: 1157319.4
A14: 1.2 | B14: MOB | C14: SICRO | D14: MOBILIZAÇÃO E DESMOBILIZAÇÃO | E14: un | F14: 1 | G14: 662337.78 | H14: 0.279 | I14: 847130.02 | J14: 847130.02
A15: 1.3 | B15: IC | C15: SICRO | D15: INSTALAÇÃO DO CANTEIRO DE OBRAS | E15: un | F15: 1 | G15: 104771.62 | H15: 0.279 | I15: 134002.9 | J15: 134002.9
A16: 1.4 | B16: ICU | C16: SICRO | D16: INSTALAÇÃO DO CANTEIRO DE OBRAS PARA USINA | E16: un | F16: 1 | G16: 570560.57 | H16: 0.279 | I16: 729746.97 | J16: 729746.97
A17: 1.5 | B17: ALU | C17: SICRO | D17: ADMINISTRAÇÃO LOCAL USINA | E17: un | F17: 1 | G17: 288969.24 | H17: 0.279 | I17: 369591.66 | J17: 369591.66
D18: TOTAL ITEM 1 - SERVIÇOS INICIAIS: | J18: 3237791
A19: 2 | D19: TERRAPLENAGEM
A20: 2.1 | B20: 5501702 | C20: SICRO | D20: DESTOCAMENTO DE ÁRVORES COM DIÂMETRO MAIOR QUE 0,30 M | E20: UNID | F20: 30 | G20: 136.89 | H20: 0.279 | I20: 175.08 | J20: 5252.4
A21: 2.2 | B21: 5501700 | C21: SICRO | D21: DESMATAMENTO, DESTOCAMENTO E LIMPEZA DE ÁREA COM ÁRVORES DE DIÂMETRO ATÉ 0,15 M | E21: M² | F21: 8000 | G21: 0.74 | H21: 0.279 | I21: 0.95 | J21: 7600
A22: 2.3 | B22: 4805757 | C22: SICRO | D22: ESCAVAÇÃO MECÂNICA DE VALA EM MATERIAL DE 1ª CATEGORIA | E22: M³ | F22: 70 | G22: 7.75 | H22: 0.279 | I22: 9.91 | J22: 693.7
A23: 2.4 | B23: 4805762 | C23: SICRO | D23: ESCAVAÇÃO MECÂNICA DE VALA EM MATERIAL DE 2ª CATEGORIA | E23: M³ | F23: 20 | G23: 9.69 | H23: 0.279 | I23: 12.39 | J23: 247.8
A24: 2.5 | B24: 4805765 | C24: SICRO | D24: ESCAVAÇÃO DE VALA EM MATERIAL DE 3ª CATEGORIA | E24: M³ | F24: 20 | G24: 218.84 | H24: 0.279 | I24: 279.9 | J24: 5598
A25: 2.6 | B25: 4815671 | C25: SICRO | D25: REATERRO E COMPACTAÇÃO COM SOQUETE VIBRATÓRIO | E25: M³ | F25: 45 | G25: 20.34 | H25: 0.279 | I25: 26.01 | J25: 1170.45
A26: 2.7 | B26: 5502589 | C26: SICRO | D26: ESCAVAÇÃO, CARGA E TRANSPORTE DE MATERIAL DE 2ª CATEGORIA - DMT DE 800 A 1.000 M - CAMINHO DE SERVIÇO EM LEITO NATURAL - COM ESCAVADEIRA E CAMINHÃO | E26: M³ | F26: 300 | G26: 12.84 | H26: 0.279 | I26: 16.42 | J26: 4926
A27: 2.8 | B27: 5502880 | C27: SICRO | D27: ESCAVAÇÃO, CARGA E TRANSPORTE DE MATERIAL DE 2ª CATEGORIA NA DISTÂNCIA DE 3.000 M - CAMINHO DE SERVIÇO EM LEITO NATURAL - COM ESCAVADEIRA E CAMINHÃ | E27: M³ | F27: 300 | G27: 18.43 | H27: 0.279 | I27: 23.57 | J27: 7071
A28: 2.9 | B28: 5915319 | C28: SICRO | D28: TRANSPORTE COM CAMINHÃO BASCULANTE DE 14 M³ - RODOVIA EM LEITO NATURAL - EXEDENTE DMT = 2,50 KM | E28: TKM | F28: 300 | G28: 1.04 | H28: 0.279 | I28: 1.33 | J28: 399
A29: 2.10 | B29: 5502979 | C29: SICRO | D29: CONSTRUÇÃO DE CORPO DE ATERRO COM MATERIAL DE 3ª CATEGORIA ORIUNDO DE CORTE | E29: M³ | F29: 200 | G29: 21.55 | H29: 0.279 | I29: 27.56 | J29: 5512
A30: 2.11 | B30: 5502111 | C30: SICRO | D30: ESCAVAÇÃO, CARGA E TRANSPORTE DE MATERIAL DE 1ª CATEGORIA - DMT DE 400 A 600 M - CAMINHO DE SERVIÇO EM LEITO NATURAL - COM ESCAVADEIRA E CAMINHÃO BA | E30: M³ | F30: 200 | G30: 8.06 | H30: 0.279 | I30: 10.31 | J30: 2062
D31: TOTAL ITEM 2 - TERRAPLENAGEM: | J31: 40532.35
A32: 3 | D32: PAVIMENTAÇÃO
A33: 3.1 | B33: 4915667 | C33: SICRO | D33: REMOÇÃO MECANIZADA DE REVESTIMENTO ASFÁLTICO | E33: m³ | F33: 100 | G33: 14.04 | H33: 0.279 | I33: 17.96 | J33: 1796
A34: 3.2 | B34: 4915632 | C34: DAER | D34: REPARO LOCALIZADO COM PINTURA DE LIGAÇÃO - DEMOLIÇÃO MECÂNICA E CORTE COM SERRA (EXCLUSIVE MATERIAL ASFÁLTICO) (REMENDO SUPERFICIAL DO DAER) | E34: m³ | F34: 408.85 | G34: 471.73 | H34: 0.279 | I34: 603.34 | J34: 246675.55
A35: 3.3 | B35: 4915631 | C35: SICRO | D35: REMENDO PROFUNDO COM IMPRIMAÇÃO COM EMULSÃO ASFÁLTICA - DEMOLIÇÃO MECÂNICA E CORTE COM SERRA (EXCLUSIVE MATERIAL ASFÁLTICO) (REMENDO SUB-SUPERFICIAL DO DAER) | E35: m³ | F35: 256.87 | G35: 336.08 | H35: 0.279 | I35: 429.85 | J35: 110415.56
A36: 3.4 | B36: DBR4915631 | C36: DAER | D36: REMENDO PROFUNDO DO DAER | E36: m³ | F36: 151.74 | G36: 336.08 | H36: 0.279 | I36: 429.85 | J36: 65225.43
A37: 3.5 | B37: PN-03 | C37: COTAÇÃO | D37: FORNECIMENTO DE MATERIAL DE SUB-BASE RACHÃO PARA REMENDO PROFUNDO | E37: m³ | F37: 94.534 | G37: 82.09 | H37: 0.15 | I37: 94.4 | J37: 8924
A38: 3.6 | B38: 4915657 | C38: SICRO | D38: FRESAGEM CONTÍNUA DE REVESTIMENTO ASFÁLTICO - ESPESSURA DE 5 CM (exclusive transporte) | E38: m³ | F38: 500 | G38: 76.77 | H38: 0.279 | I38: 98.19 | J38: 49095
A39: 3.7 | B39: 4915663 | C39: SICRO | D39: FRESAGEM DESCONTÍNUA DE REVESTIMENTO ASFÁLTICO - ESPESSURA DE 5 CM (exclusive transporte) | E39: m³ | F39: 700 | G39: 108.04 | H39: 0.279 | I39: 138.18 | J39: 96726
A40: 3.8 | B40: 4011408 | C40: SICRO | D40: MICRORREVESTIMENTO A FRIO COM EMULSÃO MODIFICADA COM POLÍMERO DE 0,8 CM - FAIXA II - BRITA COMERCIAL | E40: m² | F40: 800000 | G40: 2.44 | H40: 0.279 | I40: 3.12 | J40: 2496000
A41: 3.9 | B41: DBR4915703 | C41: DAER | D41: TAPA BURACO EMERGENCIAL EM CBUQ S/ FORNECIMENTO E TRANSPORTE DE MASSA ASFÁLTICA | E41: m³ | F41: 383.86 | G41: 88.33 | H41: 0.279 | I41: 112.97 | J41: 43364.66
A42: 3.10 | B42: DRS8084 | C42: DAER | D42: REPERFILAGEM EM CBUQ COM MOTONIVELADORA - EXCLUSIVE MATERIAIS (MASSA COMERCIAL) | E42: t | F42: 495.04 | G42: 22.34 | H42: 0.279 | I42: 28.57 | J42: 14143.29
A43: 3.11 | B43: 1600436 | C43: SICRO | D43: DEMOLIÇÃO MANUAL DE CONCRETO SIMPLES | E43: m³ | F43: 50 | G43: 462.12 | H43: 0.279 | I43: 591.05 | J43: 29552.5
A44: 3.12 | B44: DRS0576 | C44: DAER | D44: ESCARIFIÇÃO E COMPACTAÇÃO BASE | E44: m³ | F44: 400 | G44: 21.18 | H44: 0.279 | I44: 27.09 | J44: 10836
A45: 3.13 | B45: 5502111 | C45: SICRO | D45: ESCAVAÇÃO, CARGA E TRANSPORTE DE MATERIAL DE 1ª CATEGORIA - DMT DE 400 A 600 M - CAMINHO DE SERVIÇO EM LEITO NATURAL - COM ESCAVADEIRA E CAMINHÃO BASCULANTE DE 14 M³ | E45: m³ | F45: 500 | G45: 8.06 | H45: 0.279 | I45: 10.31 | J45: 5155
A46: 3.14 | B46: 4413942 | C46: SICRO | D46: ESPALHAMENTO DE MATERIAL EM BOTA-FORA | E46: m³ | F46: 400 | G46: 2.75 | H46: 0.279 | I46: 3.52 | J46: 1408
A47: 3.15 | B47: 4011209 | C47: SICRO | D47: REGULARIZAÇÃO DO SUBLEITO - 100% PROCTOR INTERMEDIÁRIO | E47: m² | F47: 2000 | G47: 1.91 | H47: 0.279 | I47: 2.44 | J47: 4880
A48: 3.16 | B48: DRS6381 | C48: DAER | D48: SUB-BASE DE RACHÃO ENCHIMENTO BRITA COMERCIAL E CAM. BLOQUEIO BRITA COMERCIAL - exclusive transporte | E48: m³ | F48: 94.37 | G48: 129.09 | H48: 0.279 | I48: 165.11 | J48: 15581.43
A49: 3.17 | B49: DBR4011276 | C49: SICRO | D49: BASE OU SUB-BASE DE BRITA GRADUADA COM BRITA COMERCIAL - 100% PROCTOR MODIFICADO | E49: m³ | F49: 400 | G49: 19.63 | H49: 0.279 | I49: 25.11 | J49: 10044
A50: 3.18 | B50: PN-02 | C50: COTAÇÃO | D50: FORNECIMENTO DE BRITA GRADUADA COMERCIAL | E50: m³ | F50: 897.276 | G50: 111.58 | H50: 0.15 | I50: 128.32 | J50: 115138.45
A51: 3.19 | B51: 4011352 | C51: SICRO | D51: IMPRIMAÇÃO COM EMULSÃO ASFÁLTICA | E51: m² | F51: 38110 | G51: 0.62 | H51: 0.279 | I51: 0.79 | J51: 30106.9
A52: 3.20 | B52: 4011353 | C52: SICRO | D52: PINTURA DE LIGAÇÃO | E52: m² | F52: 150000 | G52: 0.43 | H52: 0.279 | I52: 0.55 | J52: 82500
A53: 3.21 | B53: DBR4011463 | C53: SICRO | D53: CONCRETO ASFÁLTICO - FAIXA C-12,5 - AREIA E BRITA COMERCIAIS (EXCLUSIVE MASSA ASFÁLTICA) | E53: t | F53: 11901.99 | G53: 170.96 | H53: 0.279 | I53: 218.66 | J53: 2602489.1
D54: TOTAL ITEM 3 - PAVIMENTAÇÃO: | J54: 6040056.9
A55: 4 | D55: TRANSPORTE
A56: 4.1 | B56: 5914389 | C56: SICRO | D56: Transporte com caminhão basculante de 10 m³ - rodovia pavimentada (Rachão para remendo profundo) | E56: tkm | F56: 10584.03 | G56: 0.92 | H56: 0.279 | I56: 1.18 | J56: 12489.15
A57: 4.2 | B57: 5914344 | C57: SICRO | D57: Transporte com caminhão basculante de 6 m³ - rodovia pavimentada (Bota-fora) | E57: tkm | F57: 9412.83 | G57: 0.96 | H57: 0.279 | I57: 1.23 | J57: 11577.78
A58: 4.3 | B58: 5914329 | C58: SICRO | D58: Transporte com caminhão basculante de 6 m³ - rodovia em revestimento primário (Bota-fora) | E58: tkm | F58: 1045.87 | G58: 1.17 | H58: 0.279 | I58: 1.5 | J58: 1568.8
A59: 4.4 | B59: 5914389 | C59: SICRO | D59: Transporte com caminhão basculante de 10 m³ - rodovia pavimentada (material fresado) | E59: tkm | F59: 12960 | G59: 0.92 | H59: 0.279 | I59: 1.18 | J59: 15292.8
A60: 4.5 | B60: 5914374 | C60: SICRO | D60: Transporte com caminhão basculante de 10 m³ - rodovia em revestimento primário (material fresado) | E60: tkm | F60: 1440 | G60: 1.12 | H60: 0.279 | I60: 1.43 | J60: 2059.2
A61: 4.6 | B61: 5914389 | C61: SICRO | D61: Transporte com caminhão basculante de 10 m³ - rodovia pavimentada (Brita 0 - para microrrevestimento) | E61: tkm | F61: 143308.8 | G61: 0.92 | H61: 0.279 | I61: 1.18 | J61: 169104.38
A62: 4.7 | B62: 5914389 | C62: SICRO | D62: Transporte com caminhão basculante de 10 m³ - rodovia pavimentada (Pó de pedra - para microrrevestimento) | E62: tkm | F62: 573235.2 | G62: 0.92 | H62: 0.279 | I62: 1.18 | J62: 676417.53
A63: 4.8 | B63: 5914389 | C63: SICRO | D63: Transporte com caminhão basculante de 10 m³ - rodovia pavimentada (Brita 1 - para sub-base rachão) | E63: tkm | F63: 3962.12 | G63: 0.92 | H63: 0.279 | I63: 1.18 | J63: 4675.3
A64: 4.9 | B64: 5914389 | C64: SICRO | D64: Transporte com caminhão basculante de 10 m³ - rodovia pavimentada (Rachão - para sub-base rachão) | E64: tkm | F64: 10301.52 | G64: 0.92 | H64: 0.279 | I64: 1.18 | J64: 12155.79
A65: 4.10 | B65: 5914389 | C65: SICRO | D65: Transporte com caminhão basculante de 10 m³ - rodovia pavimentada (BGS) | E65: tkm | F65: 120550.83 | G65: 0.92 | H65: 0.279 | I65: 1.18 | J65: 142249.97
A66: 4.11 | B66: 5914389 | C66: SICRO | D66: Transporte com caminhão basculante de 10 m³ - rodovia pavimentada - brita 0 (usinagem) | E66: tkm | F66: 49391.31 | G66: 0.92 | H66: 0.279 | I66: 1.18 | J66: 58281.74
A67: 4.12 | B67: 5914389 | C67: SICRO | D67: Transporte com caminhão basculante de 10 m³ - rodovia pavimentada - brita 1 (usinagem) | E67: tkm | F67: 71343.01 | G67: 0.92 | H67: 0.279 | I67: 1.18 | J67: 84184.75
A68: 4.13 | B68: 5914389 | C68: SICRO | D68: Transporte com caminhão basculante de 10 m³ - rodovia pavimentada - pó de pedra (usinagem) | E68: tkm | F68: 153658.06 | G68: 0.92 | H68: 0.279 | I68: 1.18 | J68: 181316.51
A69: 4.14 | B69: 5914389 | C69: SICRO | D69: Transporte com caminhão basculante de 10 m³ - rodovia pavimentada (Massa asfáltica) | E69: tkm | F69: 721736.67 | G69: 0.92 | H69: 0.279 | I69: 1.18 | J69: 851649.27
A70: 4.15 | B70: 5914637 | C70: SICRO | D70: Transporte com cavalo mecânico com semirreboque com capacidade de 22 t - rodovia pavimentada (Equipamentos) | E70: tkm | F70: 880 | G70: 0.93 | H70: 0.279 | I70: 1.19 | J70: 1047.2
D71: TOTAL ITEM 4 - TRANSPORTE: | J71: 2224070.2
A72: 5 | D72: SERVIÇOS DE CONSERVAÇÃO
A73: 5.1 | B73: DRS0003 | C73: DAER | D73: DESGALHAMENTO, CORTE EM TORAS E EMPILHAMENTO DE ÁRVORES H= 5,0 A 7,5M | E73: M³ | F73: 2000 | G73: 224.24 | H73: 0.279 | I73: 286.8 | J73: 573600
A74: 5.2 | B74: 4915764 | C74: SICRO | D74: PODA DE ÁRVORES COM ATÉ 5 M DE ALTURA | E74: M³ | F74: 8600 | G74: 378.43 | H74: 0.279 | I74: 484.01 | J74: 4162486
A75: 5.3 | B75: 4915765 | C75: SICRO | D75: PODA DE ÁRVORES COM 5,0 M A 7,5 M DE ALTURA | E75: M³ | F75: 8600 | G75: 210.24 | H75: 0.279 | I75: 268.9 | J75: 2312540
A76: 5.4 | B76: 4915766 | C76: SICRO | D76: PODE DE ÁRVORES COM 7,5 M A 10,0 DE ALTURA | E76: M³ | F76: 500 | G76: 123.4 | H76: 0.279 | I76: 157.83 | J76: 78915
A77: 5.5 | B77: 4915712 | C77: SICRO | D77: LIMPEZA DE BUEIRO | E77: M³ | F77: 50 | G77: 24.84 | H77: 0.279 | I77: 31.77 | J77: 1588.5
A78: 5.6 | B78: DRS9214 | C78: DAER | D78: LIMPEZA E DESOBSTRUÇÃO DE BOCA DE BUEIRO | E78: UN | F78: 120 | G78: 24.84 | H78: 0.279 | I78: 31.77 | J78: 3812.4
A79: 5.7 | B79: 4915709 | C79: SICRO | D79: LIMPEZA DE VALETA DE CORTE | E79: M | F79: 15000 | G79: 1.24 | H79: 0.279 | I79: 1.59 | J79: 23850
A80: 5.8 | B80: DRS9210 | C80: DAER | D80: LIMPEZA DE VALETA C/ RETROESCAVADEIRA | E80: m | F80: 20000 | G80: 1.9 | H80: 0.279 | I80: 2.43 | J80: 48600
A81: 5.9 | B81: DRS15200 | C81: DAER | D81: DESOBSTRUÇÃO MECÂNICA DE SARJETAS | E81: m | F81: 10000 | G81: 1.9 | H81: 0.279 | I81: 2.43 | J81: 24300
A82: 5.10 | B82: DRS9213 | C82: DAER | D82: LIMPEZA E DESOBSTRUÇÃO DE CAIXA COLETORA | E82: UN | F82: 15 | G82: 49.69 | H82: 0.279 | I82: 63.55 | J82: 953.25
A83: 5.11 | B83: 4915672 | C83: SICRO | D83: LIMPEZA DE PONTE | E83: M | F83: 1000 | G83: 4.97 | H83: 0.279 | I83: 6.36 | J83: 6360
A84: 5.12 | B84: 4915708 | C84: SICRO | D84: LIMPEZA DE SARJETA E MEIO-FIO | E84: M | F84: 3000 | G84: 0.83 | H84: 0.279 | I84: 1.06 | J84: 3180
A85: 5.13 | B85: 4915718 | C85: SICRO | D85: LIMPEZA DE PLACA DE SINALIZAÇÃO | E85: M² | F85: 500 | G85: 10.77 | H85: 0.279 | I85: 13.77 | J85: 6885
A86: 5.14 | B86: DRS15412 | C86: DAER | D86: RECUPERAÇÃO DE DEFENSAS METÁLICAS DANIFICADAS | E86: M | F86: 200 | G86: 216.69 | H86: 0.279 | I86: 277.15 | J86: 55430
A87: 5.15 | B87: 1505879 | C87: SICRO | D87: ENROCAMENTO DE PEDRA ARRUMADA MANUALMENTE - PEDRA DE MÃO COMERCIAL - FORNECIMENTO E ASSENTAMENTO | E87: M³ | F87: 15 | G87: 375.75 | H87: 0.279 | I87: 480.58 | J87: 7208.7
A88: 5.16 | B88: 1106057 | C88: SICRO | D88: CONCRETO MAGRO - CONFECÇÃO EM BETONEIRA E LANÇAMENTO MANUAL - AREIA E BRITA COMERCIAIS | E88: M³ | F88: 50 | G88: 597.74 | H88: 0.279 | I88: 764.51 | J88: 38225.5
A89: 5.17 | B89: 3108004 | C89: SICRO | D89: FÔRMAS DE COMPENSADO RESINADO 14 MM - USO GERAL - UTILIZAÇÃO DE 2 VEZES - CONFECÇÃO, INSTALAÇÃO E RETIRADA | E89: M² | F89: 50 | G89: 103.64 | H89: 0.279 | I89: 132.56 | J89: 6628
A90: 5.18 | B90: 4915734 | C90: SICRO | D90: RECOMPOSIÇÃO MECANIZADA DE ATERRO COM MATERIAL DE JAZIDA | E90: M³ | F90: 150 | G90: 15.1 | H90: 0.279 | I90: 19.31 | J90: 2896.5
A91: 5.19 | B91: 4915737 | C91: SICRO | D91: REMOÇÃO MECANIZADA DE BARREIRA EM SOLO | E91: M³ | F91: 1000 | G91: 5.4 | H91: 0.279 | I91: 6.91 | J91: 6910
A92: 5.20 | B92: 4915598 | C92: SICRO | D92: RECONFORMAÇÃO DA PLATAFORMA (Remoção mecanizada de leiras) | E92: M² | F92: 30000 | G92: 0.13 | H92: 0.279 | I92: 0.17 | J92: 5100
A93: 5.21 | B93: 4915776 | C93: SICRO | D93: ROÇADA COM ROÇADEIRA COSTAL | E93: HA | F93: 600 | G93: 854.59 | H93: 0.279 | I93: 1093.02 | J93: 655812
A94: 5.22 | B94: 4915742 | C94: SICRO | D94: ROÇADA MECANIZADA COM ROÇADEIRA DE ARRASTE | E94: HA | F94: 1200 | G94: 557.92 | H94: 0.279 | I94: 713.58 | J94: 856296
A95: 5.23 | B95: 4915744 | C95: SICRO | D95: CAPINA MANUAL | E95: M² | F95: 8000 | G95: 0.83 | H95: 0.279 | I95: 1.06 | J95: 8480
A96: 5.24 | B96: 4413996 | C96: SICRO | D96: ENLEIVAMENTO | E96: M² | F96: 4280 | G96: 10.8 | H96: 0.279 | I96: 13.81 | J96: 59106.8
A97: 5.25 | B97: 1600404 | C97: SICRO | D97: REMOÇÃO DE TUBOS DE CONCRETO COM DIÂMETRO DE 0,40 M A 1,00 M EM VALAS E BUEIROS (tubos D=0,60m) | E97: M | F97: 20 | G97: 11.72 | H97: 0.279 | I97: 14.99 | J97: 299.8
A98: 5.26 | B98: 1600404 | C98: SICRO | D98: REMOÇÃO DE TUBOS DE CONCRETO COM DIÂMETRO DE 0,40 M A 1,00 M EM VALAS E BUEIROS (tubos D=0,80m) | E98: M | F98: 30 | G98: 11.72 | H98: 0.279 | I98: 14.99 | J98: 449.7
... A101: 5.29 | B101: 1505860 | C101: SICRO | D101: ENROCAMENTO DE PEDRA JOGADA - PEDRA DE MÃO COMERCIAL - FORNECIMENTO E ASSENTAMENTO | E101: M³ | F101: 50 | G101: 249.79 | H101: 0.279 | I101: 319.48 | J101: 15974
D102: TOTAL ITEM 5 - SERVIÇOS DE CONSERVAÇÃO: | J102: 8969608.9
A103: 6 | D103: SINALIZAÇÃO
A104: 6.1 | B104: 5214001 | C104: SICRO | D104: PINTURA DE FAIXA COM TINTA ACRÍLICA EMULSIONADA EM ÁGUA - ESPESSURA DE 0,3 MM | E104: m² | F104: 60000 | G104: 13.56 | H104: 0.279 | I104: 17.34 | J104: 1040400
...

Sheet Cronograma
B1: DAER - Departamento Autônomo de Estradas de Rodagem
B2: DGP - Diretoria de Gestão e Projetos
B3: DPR – Divisão de Programação Rodoviária
B4: EER - Equipe de Economia Rodoviária
A6: OBRA: | B6: Conserva Emergencial de Rodovias Pavimentadas da 10ªCR - Santa Rosa | N6: DATA BASE: | O6: 46113
A7: EXTENSÃO: | B7: 736.28 | N7: ORÇAMENTO: | O7: S/ DESONERAÇÃO
A9: CRONOGRAMA FÍSICO-FINANCEIRO
A10: Item | B10: Descrição | C10: 1º Mês | D10: 2º Mês | E10: 3º Mês | F10: 4º Mês | G10: 5º Mês | H10: 6º Mês | I10: 7º Mês | J10: 8º Mês | K10: 9º Mês | L10: 10º Mês | M10: 11º Mês | N10: 12º Mês | O10: Valor (R$) | P10: Execução
C11: 30 | D11: 60 | E11: 90 | F11: 120 | G11: 150 | H11: 180 | I11: 210 | J11: 240 | K11: 270 | L11: 300 | M11: 330 | N11: 360
A12: 1 | B12: ADMINISTRAÇÃO LOCAL | C12: 0.0833 | D12: 0.0833 | E12: 0.0833 | F12: 0.0833 | G12: 0.0833 | H12: 0.0833 | I12: 0.0833 | J12: 0.0833 | K12: 0.0834 | L12: 0.0834 | M12: 0.0834 | N12: 0.0834 | O12: 1157319.4 | P12: 1
C13: 96404.71 | D13: 96404.71 | E13: 96404.71 | F13: 96404.71 | G13: 96404.71 | H13: 96404.71 | I13: 96404.71 | J13: 96404.71 | K13: 96520.44 | L13: 96520.44 | M13: 96520.44 | N13: 96520.43 | Q13: 1157319.4 | R13: 0
A14: 2 | B14: MOBILIZAÇÃO E DESMOBILIZAÇÃO | C14: 0.5 | N14: 0.5 | O14: 847130.02 | P14: 1
C15: 423565.01 | N15: 423565.01 | Q15: 847130.02 | R15: 0
A16: 3 | B16: INSTALAÇÃO DO CANTEIRO DE OBRAS | C16: 1 | O16: 134002.9 | P16: 1
C17: 134002.9 | Q17: 134002.9 | R17: 0
A18: 4 | B18: INSTALAÇÃO DO CANTEIRO DE OBRAS PARA USINA | C18: 1 | O18: 729746.97 | P18: 1
C19: 729746.97 | Q19: 729746.97 | R19: 0
A20: 5 | B20: ADMINISTRAÇÃO LOCAL USINA | C20: 0.0833 | D20: 0.0833 | E20: 0.0833 | F20: 0.0833 | G20: 0.0833 | H20: 0.0833 | I20: 0.0833 | J20: 0.0833 | K20: 0.0834 | L20: 0.0834 | M20: 0.0834 | N20: 0.0834 | O20: 369591.66 | P20: 1
C21: 30786.99 | D21: 30786.99 | E21: 30786.99 | F21: 30786.99 | G21: 30786.99 | H21: 30786.99 | I21: 30786.99 | J21: 30786.99 | K21: 30823.94 | L21: 30823.94 | M21: 30823.93 | N21: 30823.93 | Q21: 369591.66 | R21: 0
A22: 6 | B22: TERRAPLENAGEM | C22: 0.0833 | D22: 0.0833 | E22: 0.0833 | F22: 0.0833 | G22: 0.0833 | H22: 0.0833 | I22: 0.0833 | J22: 0.0833 | K22: 0.0834 | L22: 0.0834 | M22: 0.0834 | N22: 0.0834 | O22: 40532.35 | P22: 1
C23: 3376.34 | D23: 3376.34 | E23: 3376.34 | F23: 3376.34 | G23: 3376.34 | H23: 3376.34 | I23: 3376.34 | J23: 3376.34 | K23: 3380.4 | L23: 3380.41 | M23: 3380.41 | N23: 3380.41 | Q23: 40532.35 | R23: 0
A24: 7 | B24: PAVIMENTAÇÃO | C24: 0.0833 | D24: 0.0833 | E24: 0.0833 | F24: 0.0833 | G24: 0.0833 | H24: 0.0833 | I24: 0.0833 | J24: 0.0833 | K24: 0.0834 | L24: 0.0834 | M24: 0.0834 | N24: 0.0834 | O24: 6040056.9 | P24: 1
C25: 503136.74 | D25: 503136.74 | E25: 503136.74 | F25: 503136.74 | G25: 503136.74 | H25: 503136.74 | I25: 503136.74 | J25: 503136.74 | K25: 503740.75 | L25: 503740.75 | M25: 503740.74 | N25: 503740.74 | Q25: 6040056.9 | R25: 0
A26: 8 | B26: TRANSPORTE | C26: 0.0833 | D26: 0.0833 | E26: 0.0833 | F26: 0.0833 | G26: 0.0833 | H26: 0.0833 | I26: 0.0833 | J26: 0.0833 | K26: 0.0834 | L26: 0.0834 | M26: 0.0834 | N26: 0.0834 | O26: 2224070.2 | P26: 1
C27: 185265.05 | D27: 185265.05 | E27: 185265.05 | F27: 185265.05 | G27: 185265.05 | H27: 185265.05 | I27: 185265.05 | J27: 185265.05 | K27: 185487.45 | L27: 185487.44 | M27: 185487.44 | N27: 185487.44 | Q27: 2224070.2 | R27: 0
A28: 9 | B28: SERVIÇOS DE CONSERVAÇÃO | C28: 0.0833 | D28: 0.0833 | E28: 0.0833 | F28: 0.0833 | G28: 0.0833 | H28: 0.0833 | I28: 0.0833 | J28: 0.0833 | K28: 0.0834 | L28: 0.0834 | M28: 0.0834 | N28: 0.0834 | O28: 8969608.9 | P28: 1
C29: 747168.43 | D29: 747168.43 | E29: 747168.43 | F29: 747168.43 | G29: 747168.43 | H29: 747168.43 | I29: 747168.43 | J29: 747168.42 | K29: 748065.38 | L29: 748065.38 | M29: 748065.38 | N29: 748065.38 | Q29: 8969608.9 | R29: 0
A30: 10 | B30: SINALIZAÇÃO | C30: 0.0833 | D30: 0.0833 | E30: 0.0833 | F30: 0.0833 | G30: 0.0833 | H30: 0.0833 | I30: 0.0833 | J30: 0.0833 | K30: 0.0834 | L30: 0.0834 | M30: 0.0834 | N30: 0.0834 | O30: 1040400 | P30: 1
C31: 86665.32 | D31: 86665.32 | E31: 86665.32 | F31: 86665.32 | G31: 86665.32 | H31: 86665.32 | I31: 86665.32 | J31: 86665.32 | K31: 86769.36 | L31: 86769.36 | M31: 86769.36 | N31: 86769.36 | Q31: 1040400 | R31: 0
A32: 11 | B32: DRENAGEM | C32: 0.0833 | D32: 0.0833 | E32: 0.0833 | F32: 0.0833 | G32: 0.0833 | H32: 0.0833 | I32: 0.0833 | J32: 0.0833 | K32: 0.0834 | L32: 0.0834 | M32: 0.0834 | N32: 0.0834 | O32: 461499.52 | P32: 1
C33: 38442.91 | D33: 38442.91 | E33: 38442.91 | F33: 38442.91 | G33: 38442.91 | H33: 38442.91 | I33: 38442.91 | J33: 38442.91 | K33: 38489.06 | L33: 38489.06 | M33: 38489.06 | N33: 38489.06 | Q33: 461499.52 | R33: 0
A34: TOTAL PARCIAL (R$) | C34: 2978561.4 | D34: 1691246.5 | E34: 1691246.5 | F34: 1691246.5 | G34: 1691246.5 | H34: 1691246.5 | I34: 1691246.5 | J34: 1691246.5 | K34: 1693276.8 | L34: 1693276.8 | M34: 1693276.8 | N34: 2116841.8 | O34: 22013959 | P34: - | Q34: 22013959
A35: TOTAL ACUMULADO (R$) | C35: 2978561.4 | D35: 4669807.9 | E35: 6361054.3 | F35: 8052300.8 | G35: 9743547.3 | H35: 11434794 | I35: 13126040 | J35: 14817287 | K35: 16510564 | L35: 18203840 | M35: 19897117 | N35: 22013959
O37: 22013959

Sheet FrentesServiço
B1: =#REF! -> #REF!
B2: =#REF! -> #REF!
B3: =#REF! -> #REF!
B4: =#REF! -> #REF!
A6: OBRA: | B6: =#REF! -> #REF! | F6: DATA BASE: | G6: =#REF! -> #REF!
A7: EXTENSÃO: | B7: =#REF! -> #REF! | F7: PRAZO: | G7: =#REF! -> #REF!
A9: COMPOSIÇÃO DE CUSTO DA EQUIPE DAS FRENTES DE SERVIÇO
A10: Código | B10: Item | C10: Discriminação | D10: Unid. | E10: Quantidade | F10: Custo Unitário (R$) | G10: Custo Total (R$)
B12: 1 | C12: Equipe de Frente de Serviço | D12: equipe x mês
A13: P9875 | B13: 1.1 | C13: =IF(A13=0,0,VLOOKUP(A13,'Custo MO'!A$10:D$495,2,FALSE)) -> Encarregado de turma - mensalista | D13: =IF(A13=0,0,VLOOKUP(A13,'Custo MO'!A$10:D$495,3,FALSE)) -> mês | E13: 0.5 | F13: =IF(A13=0,0,VLOOKUP(A13,'Custo MO'!A$10:D$495,4,FALSE)) -> 5779.66 | G13: =TRUNC(E13*F13,2) -> 2889.83
A14: P9804 | B14: 1.2 | C14: =IF(A14=0,0,VLOOKUP(A14,'Custo MO'!A$10:D$495,2,FALSE)) -> Apontador - mensalista | D14: =IF(A14=0,0,VLOOKUP(A14,'Custo MO'!A$10:D$495,3,FALSE)) -> mês | E14: 0.5 | F14: =IF(A14=0,0,VLOOKUP(A14,'Custo MO'!A$10:D$495,4,FALSE)) -> 4978.6 | G14: =TRUNC(E14*F14,2) -> 2489.3
A15: Total da Equipe de Acompanhamento das Frentes de Serviço | G15: =SUM(G13:G14) -> 5379.13
A16: Código | B16: Item | C16: Discriminação | D16: Unid. | E16: Quantidade | F16: Produção Horária (und/h) | G16: Efs
B18: 1 | C18: Frentes de Serviço para Terraplenagem | D18: equipe x mês
A19: =#REF! -> #REF! | B19: 1.1 | C19: =#REF! -> #REF! | D19: =#REF! -> #REF! | E19: =#REF! -> #REF! | F19: 168.2 | G19: =E19/(F19*182.49) -> #REF!
A20: Total de Equipes para Terraplenagem | G20: =SUM(G19:G19) -> #REF!
A21: Código | B21: Item | C21: Discriminação | D21: Unid. | E21: Quantidade | F21: Produção Horária (und/h) | G21: Efs
B23: 2 | C23: Frentes de Serviço para Pavimentação | D23: equipe x mês
A24: =#REF! -> #REF! | B24: 2.1 | C24: =#REF! -> #REF! | D24: =#REF! -> #REF! | E24: =#REF! -> #REF! | F24: 672.8 | G24: =E24/(F24*182.49) -> #REF!
A25: =#REF! -> #REF! | B25: 2.2 | C25: =#REF! -> #REF! | D25: =#REF! -> #REF! | E25: =#REF! -> #REF! | F25: 90.84 | G25: =E25/(F25*182.49) -> #REF!
A26: =#REF! -> #REF! | B26: 2.3 | C26: =#REF! -> #REF! | D26: =#REF! -> #REF! | E26: =#REF! -> #REF! | F26: 84.62 | G26: =E26/(F26*182.49) -> #REF!
A27: =#REF! -> #REF! | B27: 2.4 | C27: =#REF! -> #REF! | D27: =#REF! -> #REF! | E27: =#REF! -> #REF! | F27: 113.18 | G27: =E27/(F27*182.49) -> #REF!
A28: =#REF! -> #REF! | B28: 2.5 | C28: =#REF! -> #REF! | D28: =#REF! -> #REF! | E28: =#REF! -> #REF! | F28: 1038.46 | G28: =E28/(F28*182.49) -> #REF!
A29: =#REF! -> #REF! | B29: 2.6 | C29: =#REF! -> #REF! | D29: =#REF! -> #REF! | E29: =#REF! -> #REF! | F29: 1500 | G29: =E29/(F29*182.49) -> #REF!
A30: =#REF! -> #REF! | B30: 2.7 | C30: =#REF! -> #REF! | D30: =#REF! -> #REF! | E30: =#REF! -> #REF! | F30: 99.6 | G30: =E30/(F30*182.49) -> #REF!
A31: =#REF! -> #REF! | B31: 2.8 | C31: =#REF! -> #REF! | D31: =#REF! -> #REF! | E31: =#REF! -> #REF! | F31: 2.25 | G31: =E31/(F31*182.49) -> #REF!
A32: =#REF! -> #REF! | B32: 2.9 | C32: =#REF! -> #REF! | D32: =#REF! -> #REF! | E32: =#REF! -> #REF! | F32: 1 | G32: =E32/(F32*182.49) -> #REF!
A33: =#REF! -> #REF! | B33: 2.10 | C33: =#REF! -> #REF! | D33: =#REF! -> #REF! | E33: =#REF! -> #REF! | F33: 1 | G33: =E33/(F33*182.49) -> #REF!
A34: =#REF! -> #REF! | B34: 2.11 | C34: =#REF! -> #REF! | D34: =#REF! -> #REF! | E34: =#REF! -> #REF! | F34: 1 | G34: =E34/(F34*182.49) -> #REF!
A35: =#REF! -> #REF! | B35: 2.12 | C35: =#REF! -> #REF! | D35: =#REF! -> #REF! | E35: =#REF! -> #REF! | F35: 1350 | G35: =E35/(F35*182.49) -> #REF!
... A41: =#REF! -> #REF! | B41: 2.18 | C41: =#REF! -> #REF! | D41: =#REF! -> #REF! | E41: =#REF! -> #REF! | F41: 48.75 | G41: =E41/(F41*182.49) -> #REF!
A42: Total de Equipes para Pavimentação | G42: =SUM(G24:G41) -> #REF!
A43: Código | B43: Item | C43: Discriminação | D43: Unid. | E43: Quantidade | F43: Efsdu | G43: Efs
M44: Diâmetro | N44: Efsdu
B45: 3 | C45: Frentes de Serviço para Drenagem | D45: equipe x mês | N45: Corpo BSTC | O45: Corpo BDTC | P45: Corpo BTTC
A46: =#REF! -> #REF! | B46: 3.1 | C46: =#REF! -> #REF! | D46: =#REF! -> #REF! | E46: =#REF! -> #REF! | F46: =K48 -> 0.00019 | G46: =E46*F46 -> #REF! | J46: Dispositivos de drenagem superficial | K46: Efsdu | M46: 0.4 | N46: 0.00073 | O46: 0.00146 | P46: 0.00219
A47: =#REF! -> #REF! | B47: 3.2 | C47: =#REF! -> #REF! | D47: =#REF! -> #REF! | E47: =#REF! -> #REF! | F47: =K47 -> 0.00021 | G47: =E47*F47 -> #REF! | J47: Meio fio | K47: 0.00021 | M47: 0.6 | N47: 0.00099 | O47: 0.00198 | P47: 0.00297
A48: =#REF! -> #REF! | B48: 3.3 | C48: =#REF! -> #REF! | D48: =#REF! -> #REF! | E48: =#REF! -> #REF! | F48: =K47 -> 0.00021 | G48: =E48*F48 -> #REF! | J48: Sarjeta de concreto | K48: 0.00019 | M48: 0.8 | N48: 0.00131 | O48: 0.00262 | P48: 0.00393
A49: Total de Equipes para Drenagem | G49: =SUM(G46:G48) -> #REF! | J49: Valeta de concreto | K49: 0.00028 | M49: 1 | N49: 0.00164 | O49: 0.00328 | P49: 0.00492
A50: Código | B50: Item | C50: Discriminação | D50: Unid. | E50: Quantidade | F50: Efsdu | G50: Efs | J50: Sarjeta com ou sem revestimento vegetal | K50: 9e-05 | M50: 1.2 | N50: 0.00209 | O50: 0.00418 | P50: 0.00627
J51: Valeta com ou sem revestimento vegetal | K51: 0.00024 | M51: 1.5 | N51: 0.00276 | O51: 0.00552 | P51: 0.00828
B52: 4 | C52: Frentes de Serviço para Obra de Arte Correntes | D52: equipe x mês
A53: =#REF! -> #REF! | B53: 4.1 | C53: =#REF! -> #REF! | D53: =#REF! -> #REF! | E53: =#REF! -> #REF! | F53: =N47 -> 0.00099 | G53: =E53*F53 -> #REF! | M53: Diâmetro | N53: Efsdu
A54: =#REF! -> #REF! | B54: 4.2 | C54: =#REF! -> #REF! | D54: =#REF! -> #REF! | E54: =#REF! -> #REF! | F54: =N56 -> 0.00519 | G54: =E54*F54 -> #REF! | N54: Boca BSTC | O54: Boca BDTC | P54: Boca BTTC
A55: =#REF! -> #REF! | B55: 4.3 | C55: =#REF! -> #REF! | D55: =#REF! -> #REF! | E55: =#REF! -> #REF! | F55: =N48 -> 0.00131 | G55: =E55*F55 -> #REF! | M55: 0.4 | N55: 0.00283
A56: =#REF! -> #REF! | B56: 4.4 | C56: =#REF! -> #REF! | D56: =#REF! -> #REF! | E56: =#REF! -> #REF! | F56: =N57 -> 0.00834 | G56: =E56*F56 -> #REF! | M56: 0.6 | N56: 0.00519
A57: =#REF! -> #REF! | B57: 4.5 | C57: =#REF! -> #REF! | D57: =#REF! -> #REF! | E57: =#REF! -> #REF! | F57: =N49 -> 0.00164 | G57: =E57*F57 -> #REF! | M57: 0.8 | N57: 0.00834 | O57: 0.00966
A58: =#REF! -> #REF! | B58: 4.6 | C58: =#REF! -> #REF! | D58: =#REF! -> #REF! | E58: =#REF! -> #REF! | F58: =N58 -> 0.01186 | G58: =E58*F58 -> #REF! | M58: 1 | N58: 0.01186 | O58: 0.01374 | P58: 0.01615
A59: =#REF! -> #REF! | B59: 4.7 | C59: =#REF! -> #REF! | D59: =#REF! -> #REF! | E59: =#REF! -> #REF! | F59: =N50 -> 0.00209 | G59: =E59*F59 -> #REF! | M59: 1.2 | N59: 0.01565 | O59: 0.01812 | P59: 0.02123
A60: =#REF! -> #REF! | B60: 4.8 | C60: =#REF! -> #REF! | D60: =#REF! -> #REF! | E60: =#REF! -> #REF! | F60: =N59 -> 0.01565 | G60: =E60*F60 -> #REF! | M60: 1.5 | N60: 0.0256 | O60: 0.02942 | P60: 0.03387
A61: Total de Equipes para Obra de Arte Correntes | G61: =SUM(G53:G60) -> #REF!
A62: Total das Equipes de Acompanhamento das Frentes de Serviço | G62: =G42+G49+G61+G20 -> #REF!
A63: Número de Funcionários para Frentes de Serviço | G63: =SUM(E13:E14) -> 1

Sheet CanteiroUsina
C1: =#REF! -> #REF!
C2: =#REF! -> #REF!
C3: =#REF! -> #REF!
C4: =#REF! -> #REF!
B6: CANTEIRO PARA USINA DE ASFALTO A QUENTE
B8: OBRA: | C8: =#REF! -> #REF! | H8: DATA BASE: | I8: =#REF! -> #REF!
B9: EXTENSÃO: | C9: =#REF! -> #REF!
C11: Fator do Padrão de Construção (k1) | D11: 0.8 | E11: Padrão provisório
C12: Fator de Mobiliário e Aprelhagem (k2) | D12: 1.13 | E12: Conservação rodoviária
C13: Fator de Distância do Canteiro aos Centros Fornecedores (k3) | D13: =#REF! -> #REF! | E13: 10 km rodovia pavimentada
C14: Custo Médio da Construção Civil (CMCC) | D14: =#REF! -> #REF! | E14: jul/25 sem desoneração
C16: Áreas da usina de asfalto em padrão provisório de construção
C17: Instalações | D17: Unidade | E17: Áreas de Referência | F17: FEAC | G17: Áreas Equivalentes
C18: Escritório | D18: m² | E18: 9.11 | F18: 0.7 | G18: =E18*F18 -> 6.38
C19: Laboratórios | D19: m² | E19: 94.36 | F19: 0.6 | G19: =E19*F19 -> 56.62
C20: Almoxarifado | D20: m² | E20: 41.68 | F20: 0.5 | G20: =E20*F20 -> 20.84
C21: Refeitório e vestiário | D21: m² | E21: 69.38 | F21: 0.7 | G21: =E21*F21 -> 48.57
C22: Oficina | D22: m² | E22: 18.1 | F22: 0.5 | G22: =E22*F22 -> 9.05
C23: TOTAL | E23: =SUM(E18:E22) -> 232.63 | G23: =SUM(G18:G22) -> 141.46
C25: Áreas da usina de asfalto em contêineres
C26: Instalações | D26: Unidade | E26: Áreas de Referência | F26: Código Contêiner | G26: Quantidade Contêiner | H26: Custo Unitário (R$) | I26: Custo Total (R$)
C27: Guarita | D27: m² | E27: 6.11 | F27: M0071 | G27: 1 | H27: =VLOOKUP(F27,'Custo Materiais'!$A$9:$D$1665,4,0) -> 36767.981 | I27: =G27*H27 -> 36767.98 | K27: =VLOOKUP(F27,'Custo Materiais'!$A$9:$D$1682,2,0) -> Contêiner com 3 janelas para guarita - L = 2,44 m e C = 3,05 m (1/2 TEU)
C28: TOTAL | E28: =SUM(E27:E27) -> 6.11 | G28: =SUM(G27:G27) -> 1 | I28: =SUM(I27:I27) -> 36767.98
C30: Construções em padrão provisório | D30: =TRUNC(D11*D12*D13*G23*D14,2) -> #REF!
C31: Contêineres | D31: =TRUNC((1/5)*D12*D13*I28,2) -> #REF!
C32: Custo total de áreas cobertas | D32: =SUM(D30:D31) -> #REF!
B34: Quadro de serviços da usina de asfalto a quente de 120t/h
B35: Código | C35: Descrição dos Serviços | D35: Unidade | E35: Quantidade | F35: Custo Unitário (R$) | G35: Custo Total (R$)
B36: 903810 | C36: Instalação da usina de asfalto a quente capacidade de 120 t/h | D36: un | E36: 1 | F36: 208814.54 | G36: =TRUNC(E36*F36,2) -> 208814.54
B37: 99059* | C37: Locação convencional de obra, utilizando gabarito de tábuas corridas pontaletadas a cada 2,00 m - 2 utilizações | D37: m | E37: 231.84 | F37: 63.05 | G37: =TRUNC(E37*F37,2) -> 14617.51
B38: 4413990 | C38: Plantio de muda de arbusto com altura até 0,50 m em cova de 0,40 x 0,40 x 0,40 m | D38: un | E38: 36 | F38: 31.66 | G38: =TRUNC(E38*F38,2) -> 1139.76
B39: 919101 | C39: Sistema separador água e óleo, inclusive demolição | D39: un | E39: 1 | F39: 1902.54 | G39: =TRUNC(E39*F39,2) -> 1902.54
B40: 919002 | C40: Posto de combustível - com reaproveitamento de 2 vezes do tanque/bomba/cobertura - inclusive demolição | D40: un | E40: 1 | F40: 40229.48 | G40: =TRUNC(E40*F40,2) -> 40229.48
B41: 919016 | C41: Depósito de óleo para oficina - inclusive demolição | D41: un | E41: 1 | F41: 7969.08 | G41: =TRUNC(E41*F41,2) -> 7969.08
B42: TOTAL | G42: =SUM(G36:G41) -> 274672.91
B43: *SINAPI - jul/25 sem desoneração
C45: Custo de Instalações Industriais
C47: Custo total da Usina de Asfalto a Quente | D47: =D32+G42 -> #REF!

Sheet DMT Trechos
B1: =#REF! -> #REF!
B2: =#REF! -> #REF!
B3: =#REF! -> #REF!
B4: =#REF! -> #REF!
A6: OBRA: | B6: =#REF! -> #REF!
A7: EXTENSÃO: | B7: =#REF! -> #REF!
A9: LEVANTAMENTO DMTS (COORDENADORIA REGIONAL - TRECHOS)
A10: Item | B10: Código | C10: Trecho | D10: Extensão (km) | E10: DMT (km)
E11: LN | F11: RP | G11: PAV
A31: DMT média | E31: =AVERAGE(E12:E30) -> #DIV/0! | F31: =AVERAGE(F12:F30) -> #DIV/0! | G31: =AVERAGE(G12:G30) -> #DIV/0!

Sheet Comparativo BG
B1: =#REF! -> #REF!
B2: =#REF! -> #REF!
B3: =#REF! -> #REF!
B4: =#REF! -> #REF!
A6: OBRA: | B6: =#REF! -> #REF! | I6: BDI SERVIÇO: | J6: =#REF! -> #REF!
A7: EXTENSÃO: | B7: =#REF! -> #REF! | I7: BDI DIFERENCIADO: | J7: =#REF! -> #REF!
A9: COMPARATIVO ECONÔMICO DA BRITA GRADUADA
A10: 1 | B10: Código | C10: Brita Graduada USINADA EM OBRA | D10: Unid. | E10: Massa Específica ou Fator | F10: DMT (km) | G10: Quantidade | H10: Preço Unitário (R$) | I10: Preço Unitário + BDI (R$) | J10: Preço Total (R$)
A11: 1.1 | B11: 6416040 | C11: Usinagem de brita graduada com brita comercial em usina de 300 t/h | D11: m³ | G11: =#REF! -> #REF! | I11: =H11+H11*$J$6 -> #REF! | J11: =TRUNC(G11*I11,2) -> #REF! | K11: DMTs entre a fornecedora de britas e a fornecedora de CA adotada no binômio
A12: 1.2 | B12: CAN-US | C12: Canteiro para usina misturadora de solos com capacidade de 300 t/h - inclusive montagem e desmontagem da usina, construção, demolição de bases, rampas, depósitos de agregados e dique de contenção | D12: un | G12: 1 | H12: =CanteiroUsinaSolos!D30 -> #REF! | I12: =H12+H12*$J$6 -> #REF! | J12: =TRUNC(G12*I12,2) -> #REF!
A13: 1.3 | B13: E9689 | C13: Mobilização e desmobilização da usina misturadora de solos | D13: un | G13: 1 | H13: =MobUsinaSolos!L17 -> #REF! | I13: =H13+H13*$J$6 -> #REF! | J13: =TRUNC(G13*I13,2) -> #REF!
A14: 1.4 | B14: MOB/DES | C14: Mobilização e desmobilização complementar de equipamentos para serviços de instalação do canteiro da usina misturadora de solos | D14: un | G14: 1 | H14: =MobUsinaSolos!L34 -> #REF! | I14: =H14+H14*$J$6 -> #REF! | J14: =TRUNC(G14*I14,2) -> #REF!
A15: 1.5 | B15: 5914359 | C15: Transporte com caminhão basculante de 10 m³ - rodovia em leito natural - Usinagem de brita graduada | D15: tkm | E15: 2.2 | G15: =$G$11 -> #REF! | H15: =VLOOKUP(B15,#REF!,4,0) -> #REF! | I15: =H15+H15*$J$6 -> #REF! | J15: =TRUNC(G15*I15,2) -> #REF! | K15: DMT da fornecedora de CA até a média dos trechos
A16: 1.6 | B16: 5914374 | C16: Transporte com caminhão basculante de 10 m³ - rodovia em revestimento primário - Usinagem de brita graduada | D16: tkm | E16: 2.2 | G16: =$G$11 -> #REF! | H16: =VLOOKUP(B16,#REF!,4,0) -> #REF! | I16: =H16+H16*$J$6 -> #REF! | J16: =TRUNC(G16*I16,2) -> #REF! | K16: DMT da fornecedora de CA até a média dos trechos
A17: 1.7 | B17: 5914389 | C17: Transporte com caminhão basculante de 10 m³ - rodovia pavimentada - Usinagem de brita graduada | D17: tkm | E17: 2.2 | G17: =$G$11 -> #REF! | H17: =VLOOKUP(B17,#REF!,4,0) -> #REF! | I17: =H17+H17*$J$6 -> #REF! | J17: =TRUNC(G17*I17,2) -> #REF! | K17: DMT da fornecedora de CA até a média dos trechos
A18: 1.8 | C18: Controle tecnológico para usina misturadora de solos - conforme cronograma para pavimentação | D18: mês | G18: 24 | H18: =#REF! -> #REF! | I18: =H18+H18*$J$6 -> #REF! | J18: =TRUNC(G18*I18,2) -> #REF!
A19: 1.9 | C19: Licenças ambientais (sem BDI) da usina fornecedora do material betuminoso - PREVISÃO - LPrévia + Linstalação + LOperação | D19: un | G19: 1 | H19: 0 | I19: 20000 | J19: =TRUNC(G19*I19,2) -> 20000
A20: TOTAL | J20: =SUM(J11:J19) -> #REF!
A22: 2 | B22: Código | C22: Brita Graduada COMERCIAL | D22: Unid. | F22: DMT (km) | G22: Quantidade | H22: Preço Unitário (R$) | I22: Preço Unitário + BDI (R$) | J22: Custo Total (R$)
A23: 2.1 | B23: PN-01 | C23: Fornecimento de brita graduada comercial | D23: m³ | E23: 1.33 | G23: =#REF! -> #REF! | I23: =H23+H23*$J$7 -> #REF! | J23: =TRUNC(G23*I23,2) -> #REF!
A24: 2.2 | B24: 5914359 | C24: Transporte com caminhão basculante de 10 m³ - rodovia em leito natural - Usinagem de brita graduada | D24: tkm | E24: 1.8 | G24: =$G$23*E24*F24 -> #REF! | H24: =VLOOKUP(B24,#REF!,4,0) -> #REF! | I24: =H24+H24*$J$6 -> #REF! | J24: =TRUNC(G24*I24,2) -> #REF! | K24: DMT da fornecedora de CA até a média dos trechos
A25: 2.3 | B25: 5914374 | C25: Transporte com caminhão basculante de 10 m³ - rodovia em revestimento primário - Usinagem de brita graduada | D25: tkm | E25: 1.8 | G25: =$G$23*E25*F25 -> #REF! | H25: =VLOOKUP(B25,#REF!,4,0) -> #REF! | I25: =H25+H25*$J$6 -> #REF! | J25: =TRUNC(G25*I25,2) -> #REF! | K25: DMT da fornecedora de CA até a média dos trechos
A26: 2.4 | B26: 5914389 | C26: Transporte com caminhão basculante de 10 m³ - rodovia pavimentada - Usinagem de brita graduada | D26: tkm | E26: 1.8 | G26: =$G$23*E26*F26 -> #REF! | H26: =VLOOKUP(B26,#REF!,4,0) -> #REF! | I26: =H26+H26*$J$6 -> #REF! | J26: =TRUNC(G26*I26,2) -> #REF! | K26: DMT da fornecedora de CA até a média dos trechos
A27: TOTAL | J27: =SUM(J23:J26) -> #REF!
A29: =IF(J20>J27,"A brita graduada COMERCIAL acarreta ao erário uma economia de:","A brita graduada USINADA EM OBRA acarreta ao erário uma economia de:") -> #REF! | J29: =ABS(J20-J27) -> #REF!

Sheet CanteiroUsinaSolos
C1: =#REF! -> #REF!
C2: =#REF! -> #REF!
C3: =#REF! -> #REF!
C4: =#REF! -> #REF!
B6: CANTEIRO PARA USINA MISTURADORA DE SOLOS
B8: OBRA: | C8: =#REF! -> #REF! | H8: DATA BASE: | I8: =#REF! -> #REF!
B9: EXTENSÃO: | C9: =#REF! -> #REF!
C11: Fator de Mobiliário e Aprelhagem (k2) | D11: 1.13 | E11: Conservação rodoviária
C12: Fator de Distância do Canteiro aos Centros Fornecedores (k3) | D12: =#REF! -> #REF! | E12: 10 km rodovia pavimentada
C14: Áreas da usina misturadora de solos em contêineres
C15: Instalações | D15: Unidade | E15: Áreas de Referência | F15: Código Contêiner | G15: Quantidade Contêiner | H15: Custo Unitário (R$) | I15: Custo Total (R$)
C16: Laboratório | D16: m² | E16: 11.17 | F16: M0042 | G16: 1 | H16: =VLOOKUP(F16,'Custo Materiais'!$A$9:$D$1665,4,0) -> 37193.68 | I16: =G16*H16 -> 37193.68 | K16: =VLOOKUP(F16,'Custo Materiais'!$A$9:$D$1682,2,0) -> Contêiner com janela - L = 2,44 m e C = 6,09 m (1 TEU)
C17: Refeitório e vestiário | D17: m² | E17: 11.17 | F17: M0058 | G17: 1 | H17: =VLOOKUP(F17,'Custo Materiais'!$A$9:$D$1665,4,0) -> 120425.06 | I17: =G17*H17 -> 120425.06 | K17: =VLOOKUP(F17,'Custo Materiais'!$A$9:$D$1682,2,0) -> Contêiner com janela e 2 banheiros - L = 4,88 m e C = 6,09 m (1 TEU duplo)
C18: Guarita | D18: m² | E18: 7.44 | F18: M0071 | G18: 1 | H18: =VLOOKUP(F18,'Custo Materiais'!$A$9:$D$1665,4,0) -> 36767.981 | I18: =G18*H18 -> 36767.98 | K18: =VLOOKUP(F18,'Custo Materiais'!$A$9:$D$1682,2,0) -> Contêiner com 3 janelas para guarita - L = 2,44 m e C = 3,05 m (1/2 TEU)
C19: Total | E19: =SUM(E16:E18) -> 29.78 | G19: =SUM(G16:G18) -> 3 | I19: =SUM(I16:I18) -> 194386.72
C20: Custo total de áreas cobertas em contêineres | I20: =TRUNC((1/5)*D11*D12*I19,2) -> #REF!
B22: Quadro de serviços da usina misturadora de solos de 300 t/h
B23: Código | C23: Descrição dos Serviços | D23: Unidade | E23: Quantidade | F23: Custo Unitário (R$) | G23: Custo Total (R$)
B24: 903808 | C24: Instalação da usina misturadora de solos com capacidade de 300 t/h | D24: un | E24: 1 | G24: =TRUNC(E24*F24,2) -> 0
B25: 99059 | C25: Locação convencional de obra, utilizando gabarito de tábuas corridas pontaletadas a cada 2,00 m - 2 utilizações | D25: m | E25: 302 | F25: 60.18 | G25: =TRUNC(E25*F25,2) -> 18174.36
C26: Total | G26: =SUM(G24:G25) -> 18174.36
C28: Custo de Instalações Industriais
C30: Custo total da Usina de Misturadora de Solos | D30: =I20+G26 -> #REF!

Sheet MobUsinaSolos
B1: =#REF! -> #REF!
B2: =#REF! -> #REF!
B3: =#REF! -> #REF!
B4: =#REF! -> #REF!
A6: MOBILIZAÇÃO E DESMOBILIZAÇÃO DE EQUIPAMENTOS
A8: OBRA: | B8: =#REF! -> #REF! | C8: ORIGEM: | D8: =#REF! -> #REF! | G8: DM: | H8: =#REF! -> #REF! | K8: TEMPO DE VIAGEM: | L8: =H8/H9 -> #REF!
A9: EXTENSÃO: | B9: =#REF! -> #REF! | C9: DESTINO: | D9: =#REF! -> #REF! | G9: VELOCIDADE: | H9: =#REF! -> #REF! | K9: Nº DE PARADAS: | L9: =#REF! -> #REF!
A10: DATA BASE: | B10: =#REF! -> #REF!
A12: MOBILIZAÇÃO E DESMOBILIZAÇÃO DA USINA DE ASFALTO
A13: Código | B13: Descrição do Equipamento | C13: Quantidade | D13: K | E13: FU | F13: Transportador | G13: CH Produtivo (R$/h) | H13: Tempo de Descanso (h) | I13: Código Condutor | J13: CH Condutor (R$/h) | K13: Custo Total do Descanso (R$) | L13: Custo Total de Mobilização (R$)
A14: Equipamentos de Grande Porte | L14: =SUM(L15:L15) -> #REF!
A15: E9615 | B15: =VLOOKUP(A15,CustoEquip!#REF!,2,FALSE) -> #REF! | C15: 1 | D15: =IF(A15=F15,1,2) -> #REF! | E15: =VLOOKUP(A15,#REF!,4,0) -> #REF! | F15: =VLOOKUP(A15,#REF!,3,0) -> #REF! | G15: =VLOOKUP(F15,CustoEquip!#REF!,4,0) -> #REF! | H15: =C15*D15*E15*$L$9*0.5 -> #REF! | I15: =VLOOKUP(F15,#REF!,10,0) -> #REF! | J15: =VLOOKUP(I15,'Custo MO'!$A$10:$D$110,4,0) -> #REF! | K15: =H15*J15 -> #REF! | L15: =TRUNC((($H$8*D15*E15)/$H$9)*G15*C15+K15,2) -> #REF!
A16: CUSTO TOTAL PARA MOBILIZAÇÃO (R$) | L16: =L14 -> #REF!
A17: CUSTO TOTAL PARA MOBILIZAÇÃO + DESMOBILIZAÇÃO (R$) | L17: =L16*2 -> #REF!
A19: MOBILIZAÇÃO E DESMOBILIZAÇÃO COMPLEMENTAR DE EQUIPAMENTOS
A20: Código | B20: Descrição do Equipamento | C20: Quantidade | D20: K | E20: FU | F20: Transportador | G20: CH Produtivo (R$/h) | H20: Tempo de Descanso (h) | I20: Código Condutor | J20: CH Condutor (R$/h) | K20: Custo Total do Descanso (R$) | L20: Custo Total de Mobilização (R$)
A21: Equipamentos de Grande Porte | L21: =SUM(L22:L29) -> #REF!
A22: E9021 | B22: =VLOOKUP(A22,CustoEquip!#REF!,2,FALSE) -> #REF! | C22: 1 | D22: =IF(A22=F22,1,2) -> #REF! | E22: =VLOOKUP(A22,#REF!,4,0) -> #REF! | F22: =VLOOKUP(A22,#REF!,3,0) -> #REF! | G22: =VLOOKUP(F22,CustoEquip!#REF!,4,0) -> #REF! | H22: =C22*D22*E22*$L$9*0.5 -> #REF! | I22: =VLOOKUP(F22,#REF!,10,0) -> #REF! | J22: =VLOOKUP(I22,'Custo MO'!$A$10:$D$110,4,0) -> #REF! | K22: =H22*J22 -> #REF! | L22: =TRUNC((($H$8*D22*E22)/$H$9)*G22*C22+K22,2) -> #REF!
A23: E9127 | B23: =VLOOKUP(A23,CustoEquip!#REF!,2,FALSE) -> #REF! | C23: 1 | D23: =IF(A23=F23,1,2) -> #REF! | E23: =VLOOKUP(A23,#REF!,4,0) -> #REF! | F23: =VLOOKUP(A23,#REF!,3,0) -> #REF! | G23: =VLOOKUP(F23,CustoEquip!#REF!,4,0) -> #REF! | H23: =C23*D23*E23*$L$9*0.5 -> #REF! | I23: =VLOOKUP(F23,#REF!,10,0) -> #REF! | J23: =VLOOKUP(I23,'Custo MO'!$A$10:$D$110,4,0) -> #REF! | K23: =H23*J23 -> #REF! | L23: =TRUNC((($H$8*D23*E23)/$H$9)*G23*C23+K23,2) -> #REF!
A24: E9515 | B24: =VLOOKUP(A24,CustoEquip!#REF!,2,FALSE) -> #REF! | C24: 1 | D24: =IF(A24=F24,1,2) -> #REF! | E24: =VLOOKUP(A24,#REF!,4,0) -> #REF! | F24: =VLOOKUP(A24,#REF!,3,0) -> #REF! | G24: =VLOOKUP(F24,CustoEquip!#REF!,4,0) -> #REF! | H24: =C24*D24*E24*$L$9*0.5 -> #REF! | I24: =VLOOKUP(F24,#REF!,10,0) -> #REF! | J24: =VLOOKUP(I24,'Custo MO'!$A$10:$D$110,4,0) -> #REF! | K24: =H24*J24 -> #REF! | L24: =TRUNC((($H$8*D24*E24)/$H$9)*G24*C24+K24,2) -> #REF!
A25: E9577 | B25: =VLOOKUP(A25,CustoEquip!#REF!,2,FALSE) -> #REF! | C25: 1 | D25: =IF(A25=F25,1,2) -> #REF! | E25: =VLOOKUP(A25,#REF!,4,0) -> #REF! | F25: =VLOOKUP(A25,#REF!,3,0) -> #REF! | G25: =VLOOKUP(F25,CustoEquip!#REF!,4,0) -> #REF! | H25: =C25*D25*E25*$L$9*0.5 -> #REF! | I25: =VLOOKUP(F25,#REF!,10,0) -> #REF! | J25: =VLOOKUP(I25,'Custo MO'!$A$10:$D$110,4,0) -> #REF! | K25: =H25*J25 -> #REF! | L25: =TRUNC((($H$8*D25*E25)/$H$9)*G25*C25+K25,2) -> #REF!
A26: E9584 | B26: =VLOOKUP(A26,CustoEquip!#REF!,2,FALSE) -> #REF! | C26: 1 | D26: =IF(A26=F26,1,2) -> #REF! | E26: =VLOOKUP(A26,#REF!,4,0) -> #REF! | F26: =VLOOKUP(A26,#REF!,3,0) -> #REF! | G26: =VLOOKUP(F26,CustoEquip!#REF!,4,0) -> #REF! | H26: =C26*D26*E26*$L$9*0.5 -> #REF! | I26: =VLOOKUP(F26,#REF!,10,0) -> #REF! | J26: =VLOOKUP(I26,'Custo MO'!$A$10:$D$110,4,0) -> #REF! | K26: =H26*J26 -> #REF! | L26: =TRUNC((($H$8*D26*E26)/$H$9)*G26*C26+K26,2) -> #REF!
A27: C1 | B27: =VLOOKUP(A27,#REF!,2,0) -> #REF! | C27: 1 | D27: =IF(A27=F27,1,2) -> #REF! | E27: =VLOOKUP(A27,#REF!,4,0) -> #REF! | F27: =VLOOKUP(A27,#REF!,3,0) -> #REF! | G27: =VLOOKUP(F27,CustoEquip!#REF!,4,0) -> #REF! | H27: =C27*D27*E27*$L$9*0.5 -> #REF! | I27: =VLOOKUP(F27,#REF!,10,0) -> #REF! | J27: =VLOOKUP(I27,'Custo MO'!$A$10:$D$110,4,0) -> #REF! | K27: =H27*J27 -> #REF! | L27: =TRUNC((($H$8*D27*E27)/$H$9)*G27*C27+K27,2) -> #REF!
A28: C3 | B28: =VLOOKUP(A28,#REF!,2,0) -> #REF! | C28: 1 | D28: =IF(A28=F28,1,2) -> #REF! | E28: =VLOOKUP(A28,#REF!,4,0) -> #REF! | F28: =VLOOKUP(A28,#REF!,3,0) -> #REF! | G28: =VLOOKUP(F28,CustoEquip!#REF!,4,0) -> #REF! | H28: =C28*D28*E28*$L$9*0.5 -> #REF! | I28: =VLOOKUP(F28,#REF!,10,0) -> #REF! | J28: =VLOOKUP(I28,'Custo MO'!$A$10:$D$110,4,0) -> #REF! | K28: =H28*J28 -> #REF! | L28: =TRUNC((($H$8*D28*E28)/$H$9)*G28*C28+K28,2) -> #REF!
A29: C4 | B29: =VLOOKUP(A29,#REF!,2,0) -> #REF! | C29: 1 | D29: =IF(A29=F29,1,2) -> #REF! | E29: =VLOOKUP(A29,#REF!,4,0) -> #REF! | F29: =VLOOKUP(A29,#REF!,3,0) -> #REF! | G29: =VLOOKUP(F29,CustoEquip!#REF!,4,0) -> #REF! | H29: =C29*D29*E29*$L$9*0.5 -> #REF! | I29: =VLOOKUP(F29,#REF!,10,0) -> #REF! | J29: =VLOOKUP(I29,'Custo MO'!$A$10:$D$110,4,0) -> #REF! | K29: =H29*J29 -> #REF! | L29: =TRUNC((($H$8*D29*E29)/$H$9)*G29*C29+K29,2) -> #REF!
A30: Equipamentos Autopropelidos | L30: =SUM(L31:L32) -> #REF!
A31: E9041 | B31: =VLOOKUP(A31,CustoEquip!#REF!,2,0) -> #REF! | C31: 1 | D31: =IF(A31=F31,1,2) -> #REF! | E31: =VLOOKUP(A31,#REF!,4,0) -> #REF! | F31: =VLOOKUP(A31,#REF!,3,0) -> #REF! | G31: =VLOOKUP(F31,CustoEquip!#REF!,4,0) -> #REF! | H31: =C31*D31*E31*$L$9*0.5 -> #REF! | I31: =VLOOKUP(F31,#REF!,10,0) -> #REF! | J31: =VLOOKUP(I31,'Custo MO'!$A$10:$D$110,4,0) -> #REF! | K31: =H31*J31 -> #REF! | L31: =TRUNC((($H$8*D31*E31)/$H$9)*G31*C31+K31,2) -> #REF!
A32: E9571 | B32: =VLOOKUP(A32,CustoEquip!#REF!,2,FALSE) -> #REF! | C32: 1 | D32: =IF(A32=F32,1,2) -> #REF! | E32: =VLOOKUP(A32,#REF!,4,0) -> #REF! | F32: =VLOOKUP(A32,#REF!,3,0) -> #REF! | G32: =VLOOKUP(F32,CustoEquip!#REF!,4,0) -> #REF! | H32: =C32*D32*E32*$L$9*0.5 -> #REF! | I32: =VLOOKUP(F32,#REF!,10,0) -> #REF! | J32: =VLOOKUP(I32,'Custo MO'!$A$10:$D$110,4,0) -> #REF! | K32: =H32*J32 -> #REF! | L32: =TRUNC((($H$8*D32*E32)/$H$9)*G32*C32+K32,2) -> #REF!
A33: CUSTO TOTAL PARA MOBILIZAÇÃO (R$) | L33: =L21+L30 -> #REF!
A34: CUSTO TOTAL PARA MOBILIZAÇÃO + DESMOBILIZAÇÃO (R$) | L34: =L33*2 -> #REF!

Sheet CustoEquip
A1: Código | B1: Descrição | C1: Valor de Aquisição (R$) | D1: Depreciação (R$/h) | E1: Oportunidade de Capital (R$/h) | F1: Seguros e Impostos (R$/h) | G1: Manutenção (R$/h) | H1: Operação (R$/h) | I1: Mão de Obra de Operação (R$/h) | J1: Custo Produtivo (R$/h) | K1: Custo Improdutivo (R$/h)
A2: E9001 | B2: Conjunto vibratório para tubos de concreto com encaixe PB e 3 jogos de fôrmas - D = 0,60 m - 2,20 kW | J2: 18.9242 | K2: 11.4708
A3: E9002 | B3: Conjunto vibratório para tubos de concreto com encaixe PB e 3 jogos de fôrmas - D = 0,80 m - 2,20 kW | J3: 24.8966 | K3: 15.0909
A4: E9003 | B4: Conjunto vibratório para tubos de concreto com encaixe PB e 3 jogos de fôrmas - D = 1,00 m - 2,20 kW | J4: 26.0339 | K4: 15.7803
A5: E9004 | B5: Conjunto vibratório para tubos de concreto com encaixe PB e 3 jogos de fôrmas - D = 1,20 m - 2,20 kW | J5: 32.8267 | K5: 19.8977
A6: E9005 | B6: Conjunto vibratório para tubos de concreto com encaixe PB e 3 jogos de fôrmas - D = 1,50 m - 2,20 kW | J6: 38.8328 | K6: 23.5383
A7: E9006 | B7: Equipamento para sondagem manual | J7: 1.529 | K7: 1.0046
A8: E9007 | B8: Bomba de pistão triplex com capacidade de 7,80 m³/h (130 l/min) - 8,20 kW | J8: 45.5168 | K8: 20.3786
A9: E9008 | B9: Transportador manual de tubos de concreto com capacidade de 1 t | J9: 2.3493 | K9: 1.5371
A10: E9009 | B10: Embarcação rebocadora - 268 kW | J10: 498.3523 | K10: 148.8962
A11: E9010 | B11: Balança plataforma digital à bateria, com mesa de 75 x 75 cm e capacidade de 500 kg | J11: 1.1486 | K11: 0.7716
A12: E9011 | B12: Carro manual modelo plataforma de 200 x 80 cm com capacidade de 800 kg | J12: 0.5124 | K12: 0.3425
A13: E9014 | B13: Deflectômetro de impacto (FWD) instalado em picape com reboque e faixa de carga de 7 a 120 kN - 147 kW | J13: 344.2615 | K13: 240.5601
... A568: A9362 | B568: Tanque para hidrossemeadura com capacidade de 7.500 l - 77,2 kW | J568: 240.1297 | K568: 80.1593

Sheet Custo MO
B1: DAER - Departamento Autônomo de Estradas de Rodagem
B2: DGP - Diretoria de Gestão e Projetos
B3: DPR – Divisão de Programação Rodoviária
B4: EER - Equipe de Economia Rodoviária
A6: DATA BASE: | B6: =#REF! -> #REF!
A7: ORÇAMENTO: | B7: =#REF! -> #REF!
A9: Código | B9: Descrição | C9: Unidade | D9: Custo (R$)
A10: P9801 | B10: Ajudante | C10: h | D10: 25.3038
A11: P9802 | B11: Ajudante especializado | C11: h | D11: 29.7159
A12: P9803 | B12: Almoxarife - mensalista | C12: mês | D12: 5773.8254
A13: P9804 | B13: Apontador - mensalista | C13: mês | D13: 4978.6043
A14: P9805 | B14: Armador | C14: h | D14: 35.4183
A15: P9806 | B15: Auxiliar administrativo - mensalista | C15: mês | D15: 5195.7918
A16: P9807 | B16: Bombeiro hidráulico | C16: h | D16: 36.2837
A17: P9808 | B17: Carpinteiro | C17: h | D17: 28.8592
A18: P9809 | B18: Encarregado administrativo - mensalista | C18: mês | D18: 8973.6555
A19: P9810 | B19: Eletricista | C19: h | D19: 30.4757
A20: P9811 | B20: Encarregado especializado - mensalista | C20: mês | D20: 8665.4089
A21: P9812 | B21: Engenheiro - mensalista | C21: mês | D21: 30769.062
... A154: P9982 | B154: Vigia | C154: h | D154: 29.8114

Sheet Custo Materiais
B1: DAER - Departamento Autônomo de Estradas de Rodagem
B2: DGP - Diretoria de Gestão e Projetos
B3: DPR – Divisão de Programação Rodoviária
B4: EER - Equipe de Economia Rodoviária
A6: DATA BASE: | B6: =#REF! -> #REF!
A7: ORÇAMENTO: | B7: =#REF! -> #REF!
A8: Código | B8: Descrição | C8: Unidade | D8: Preço Unitário (R$)
A9: M0003 | B9: Aço CA 25 | C9: kg | D9: 6.7719
A10: M0004 | B10: Aço CA 50 | C10: kg | D10: 6.44
A11: M0006 | B11: Fibra de poliamida para concreto | C11: kg | D11: 27.5233
A12: M0007 | B12: Fibra de aço para concreto | C12: kg | D12: 18.6969
A13: M0008 | B13: Detergente líquido neutro | C13: l | D13: 4.2526
A14: M0009 | B14: Aço CP 175 RB | C14: kg | D14: 8.4086
A15: M0010 | B15: Aditivo superplastificante à base de policarboxilato para concreto e argamassa | C15: kg | D15: 14.2111
A16: M0011 | B16: Aditivo modificador de viscosidade para concreto e argamassa | C16: kg | D16: 8.3067
A17: M0012 | B17: Silicato de alumínio | C17: kg | D17: 2.0805
A18: M0013 | B18: Grampo de ancoragem em aço CA 50 - D = 12,5 mm | C18: kg | D18: 6.3571
A19: M0014 | B19: Aço CA 60 | C19: kg | D19: 7.3834
A20: M0015 | B20: Espoleta elétrica Nº 8 - D = 6,0 mm | C20: un | D20: 22.2261
... A82: M0103 | B82: Aditivo acelerador de pega para concreto e argamassa projetados | C82: kg | D82: 6.8848
A83: M0104 | B83: Asfalto diluído de petróleo - CM-30 | C83: t | D83: -
A84: M0105 | B84: Ancoragem ativa para 4 cordoalhas - D = 15,2 mm | C84: un | D84: 605.0807
A85: M0106 | B85: Ancoragem ativa para 6 cordoalhas - D = 15,2 mm | C85: un | D85: 598.2388
A86: M0107 | B86: Geocomposto para drenagem | C86: m² | D86: 44.3702
A87: M0108 | B87: Ancoragem ativa para 7 cordoalhas - D = 15,2 mm | C87: un | D87: 619.7994
A88: M0109 | B88: Geodreno vertical - L = 10 cm e E = 5 mm | C88: m | D88: 5.18
A89: M0110 | B89: Ancoragem ativa para 10 cordoalhas - D = 15,2 mm | C89: un | D89: 1113.6729
A90: M0111 | B90: Ancoragem ativa para 9 cordoalhas - D = 15,2 mm | C90: un | D90: 990.8957
A91: M0112 | B91: Disco diamantado segmentado para corte de pavimento - D = 1.000 mm | C91: un | D91: 6189.2079
A92: M0113 | B92: Ancoragem ativa para 12 cordoalhas - D = 15,2 mm | C92: un | D92: 1171.3956
A93: M0114 | B93: Disco diamantado segmentado para corte de pavimento - D = 1.500 mm | C93: un | D93: 26452.41
A94: M0115 | B94: Biomanta vegetal de fibras de coco entrelaçadas com fios de polipropileno biodegradáveis - densidade 0,4 kg/m² | C94: m² | D94: 6.5
A95: M0116 | B95: Mangote flangeado de borracha reforçada com lonas sintéticas - C = 1,80 m e D = 0,30 m | C95: un | D95: 10441.208
... A226: M0450 | B226: Compensado de virola - E = 6 mm | C226: m² | D226: 32.5386
A227: M0451 | B227: Concreto usinado - fck = 20 MPa (comercial) | C227: m³ | D227: -
A228: M0452 | B228: Concreto usinado - fck = 25 MPa (comercial) | C228: m³ | D228: -
A229: M0453 | B229: Concreto usinado - fck = 30 MPa (comercial) | C229: m³ | D229: -
A230: M0454 | B230: Concreto usinado - fck = 35 MPa (comercial) | C230: m³ | D230: -
A231: M0459 | B231: Compensado plastificado - E = 14 mm | C231: m² | D231: 49.876
A232: M0467 | B232: Luva em aço para emenda tipo prensada - D = 20,0 mm | C232: un | D232: 36.5391
A233: M0468 | B233: Luva em aço para emenda tipo prensada - D = 25,0 mm | C233: un | D233: 63.8902
A234: M0469 | B234: Luva em aço para emenda tipo prensada - D = 32,0 mm | C234: un | D234: 124.2304
A235: M0470 | B235: Luva em aço para emenda com rosca cônica - D = 12,5 mm | C235: un | D235: 11.7941
A236: M0471 | B236: Luva em aço para emenda com rosca cônica - D = 16,0 mm | C236: un | D236: 17.7871
A237: M0472 | B237: Luva em aço para emenda com rosca cônica - D = 20,0 mm | C237: un | D237: 25.3642
A238: M0481 | B238: Luva em aço para emenda com rosca cônica - D = 25,0 mm | C238: un | D238: 35.0038
A239: M0502 | B239: Luva em aço para emenda com rosca cônica - D = 32,0 mm | C239: un | D239: 53.9422
A240: M0505 | B240: Broca de widia - D = 6,5 mm e C = 100 mm | C240: un | D240: 5.2109
A241: M0506 | B241: Broca de widia - D = 8 mm e C = 120 mm | C241: un | D241: 8.0644
A242: M0511 | B242: Abrasivo tipo granalha de aço | C242: kg | D242: 11.0827
... A282: M0603 | B282: Ponteiro para rompedor hidráulico de 520 kg | C282: un | D282: 6031.861
A283: M0614 | B283: Concreto usinado - fctM,k = 4,5 MPa (comercial) | C283: m³ | D283: -
A284: M0615 | B284: Aditivo incorporador de ar para concreto e argamassa | C284: kg | D284: 6.9059
A285: M0639 | B285: Bico para corte a plasma CNC - 130A | C285: un | D285: 119.2071
A286: M0640 | B286: Bocal para corte a plasma CNC - 130A | C286: un | D286: 89.0591
A287: M0641 | B287: Capa do bico para corte a plasma CNC - 130A | C287: un | D287: 1541.8335
A288: M0642 | B288: Capa do bocal para corte a plasma CNC - 130A | C288: un | D288: 776.8218
A289: M0643 | B289: Distribuidor de gás para corte a plasma CNC - 130A | C289: un | D289: 208.4718
A290: M0644 | B290: Eletrodo para corte a plasma CNC - 130A | C290: un | D290: 126.1094
A291: M0645 | B291: Tubo de água para corte a plasma CNC - 130A | C291: un | D291: 197.2654
A292: M0646 | B292: Estaca pré-moldada de concreto protendido com compressão admissível de 100 t | C292: m | D292: 200.4066
A293: M0647 | B293: Estaca pré-moldada de concreto protendido com compressão admissível de 25 t | C293: m | D293: 80.17
A294: M0648 | B294: Estaca pré-moldada de concreto protendido com compressão admissível de 35 t | C294: m | D294: 91.01
A295: M0649 | B295: Estaca pré-moldada de concreto protendido com compressão admissível de 60 t | C295: m | D295: 115
... A324: M0773 | B324: Perfil de alumínio tipo L463 para placa de sinalização - seção de 50 x 50 mm | C324: m | D324: 59.4953
A325: M0785 | B325: Massa asfáltica comercial | C325: t | D325: -
A326: M0786 | B326: Placa de poliestireno expandido (EPS) | C326: m³ | D326: 354.6076
A327: M0787 | B327: Suporte em aço-carbono galvanizado tipo perfil C para placa de sinalização | C327: kg | D327: 31.6333
A328: M0789 | B328: Conjunto para fixação de placas em aço galvanizado composto por barra chata, abraçadeira, parafusos, porcas e arruelas | C328: kg | D328: 39.9349
A329: M0796 | B329: Semipórtico metálico para vão de 8,3 m e vento de 35 m/s | C329: un | D329: 65747.733
A330: M0798 | B330: Apoio de neoprene fretado | C330: dm³ | D330: 133.7135
A331: M0804 | B331: Cabo de aço - D = 12,70 mm (1/2") | C331: m | D331: 27.6246
A332: M0805 | B332: Semipórtico duplo metálico para vão de 2 x 8,3 m e vento de 35 m/s | C332: un | D332: 102117.37
A333: M0808 | B333: Brita 4 | C333: m³ | D333: 131.1576
A334: M0809 | B334: Cabo de aço - D = 6,35 mm (1/4") | C334: m | D334: 6.9207
A335: M0810 | B335: Cabo de aço - D = 52,00 mm (2") | C335: m | D335: 497.2468
A336: M0812 | B336: Sapatilha em aço inox - D = 6,35 mm (1/4") | C336: un | D336: 3.6244
A337: M0818 | B337: Semipórtico metálico para vão de 8,3 m e vento de 40 m/s | C337: un | D337: 68060.447
... A391: M1118 | B391: Cruzeta de madeira para poste - H = 240 cm | C391: un | D391: 141.83
A392: M1129 | B392: Junta de dilatação em perfil extrudado de borracha vulcanizada | C392: m | D392: -
A393: M1130 | B393: Selante elástico à base de poliuretano | C393: kg | D393: 121.1998
A394: M1131 | B394: Cordão de polietileno expandido de baixa densidade - D = 15,0 mm | C394: m | D394: 0.7452
A395: M1132 | B395: Junta de dilatação em elastômero e perfil VV - L = 20 mm e H = 40 mm | C395: m | D395: 188.3635
A396: M1134 | B396: Junta de dilatação em elastômero e perfil VV - L = 25 mm e H = 50 mm | C396: m | D396: 197.6495
A397: M1135 | B397: Pó de pedra | C397: m³ | D397: 126.5822
A398: M1136 | B398: Cordão de polietileno expandido de baixa densidade - D = 10,0 mm | C398: m | D398: 0.2498
A399: M1142 | B399: Junta de dilatação em elastômero e perfil VV - L = 35 mm e H = 60 mm | C399: m | D399: 356.0636
A400: M1150 | B400: Adesivo estrutural à base de resina epóxi bicomponente tipo ADE-52 ou similar | C400: kg | D400: 135.2234
A401: M1151 | B401: Junta de dilatação em elastômero e perfil VV - L = 40 mm e H = 70 mm | C401: m | D401: 392.9986
A402: M1152 | B402: Junta de dilatação em elastômero e perfil VV - L = 50 mm e H = 80 mm | C402: m | D402: 401.7092
A403: M1176 | B403: Arame liso em aço galvanizado - D = 1,65 mm (16 BWG) | C403: kg | D403: 21.6247
A404: M1205 | B404: Prego de ferro | C404: kg | D404: 16.8144
... A514: M1553 | B514: Geotêxtil não-tecido agulhado em poliéster - resistência à tração longitudinal de 31 kN/m | C514: m² | D514: 15.7916
A515: M1556 | B515: Terra vegetal produzida | C515: m³ | D515: -
A516: M1575 | B516: Tinta látex à base de resina acrílica | C516: l | D516: 11.6174
A517: M1577 | B517: Tinta plástica à base de resina metacrílica aplicada a frio por dispersão ou extrusão | C517: kg | D517: 34.0531
A518: M1585 | B518: Massa termoplástica aplicada por extrusão | C518: kg | D518: 11.6576
A519: M1591 | B519: Suporte polimérico ecológico maciço colapsível para placa de sinalização - D = 6,4 cm | C519: m | D519: 160.3552
A520: M1600 | B520: Trilho TR25 em aço-carbono usado | C520: kg | D520: 5.1887
A521: M1602 | B521: Trilho TR37 em aço-carbono usado | C521: kg | D521: 5.1864
...

Sheet Equipamentos
A1: Código SICRO | B1: Descrição dos equipamentos | C1: Código Transportador | D1: FU | E1: Porte | F1: Nº Eixos Transportador | G1: Velocidade Transportador PAV (km/h)
A2: E9007 | B2: Bomba de pistão triplex com capacidade de 7,80 m³/h (130 l/min) - 8,20 kW | C2: E9687 | D2: 0.12 | E2: GRANDE | F2: 2 | G2: 60
A3: E9013 | B3: Caminhão tanque de asfalto com capacidade de 31.000 l - 265 kW | C3: E9013 | D3: 1 | E3: AUTOPROPELIDO | F3: 3 | G3: 60
A4: E9014 | B4: Deflectômetro de impacto (FWD) instalado em picape com reboque e faixa de carga de 7 a 120 kN - 147 kW | C4: E9014 | D4: 1,00 | E4: AUTOPROPELIDO | F4: 2 | G4: 60
A5: E9015 | B5: Elevador de obra com capacidade de 1.000 kg - 9 kW | C5: E9687 | D5: 0.15 | E5: GRANDE | F5: 2 | G5: 60
A6: E9016 | B6: Usina misturadora móvel de reciclagem a frio com sistema de espuma de asfalto - 129,40 kW | C6: E9100 | D6: 0.56 | E6: GRANDE | F6: 2 | G6: 60
A7: E9017 | B7: Escavadeira hidráulica sobre esteira com capacidade de 0,4 m³ - 64 kW | C7: E9666 | D7: 0.52 | E7: GRANDE | F7: 6 | G7: 60
A8: E9018 | B8: Cavalo mecânico com dolly intermediário e semirreboque de 4 eixos com capacidade de 53 t - 323 kW | C8: E9018 | D8: 1,00 | E8: AUTOPROPELIDO | F8: 9 | G8: 30
A9: E9020 | B9: Recicladora a frio - 455 kW | C9: E9666 | D9: 0.93 | E9: GRANDE | F9: 6 | G9: 60
A10: E9021 | B10: Grupo gerador - 456 kVA | C10: E9508 | D10: 0.54 | E10: GRANDE | F10: 2 | G10: 60
A11: E9022 | B11: Pórtico metálico rolante com capacidade de 25 t - 30 kW | C11: E9666 | D11: 1.76 | E11: GRANDE | F11: 6 | G11: 60
A12: E9023 | B12: Guindaste móvel sobre esteiras com dragline com capacidade de 1,9 a 2,3 m³ - 270 kW | C12: E9018 | D12: 1.03 | E12: GRANDE | F12: 9 | G12: 30
A13: E9025 | B13: Conjunto bomba e macaco hidráulico para protensão com capacidade de 7.000 kN - 15 kW | C13: E9687 | D13: 0.08 | E13: GRANDE | F13: 2 | G13: 60
A14: E9027 | B14: Caminhão distribuidor de cimento e cal com capacidade de 17 m³ - 210 kW | C14: E9027 | D14: 1,00 | E14: AUTOPROPELIDO | F14: 3 | G14: 60
A15: E9029 | B15: Conjunto bomba e macaco hidráulico para protensão com capacidade de 8.000 kN - 20 kW | C15: E9687 | D15: 0.09 | E15: GRANDE | F15: 2 | G15: 60
A16: E9031 | B16: Elevador de cremalheira com cabine simples, com capacidade de 1.500 kg e altura de até 100 m - 15 kW | C16: E9686 | D16: 0.24 | E16: GRANDE | F16: 3 | G16: 60
A17: E9035 | B17: Equipamento para regulagem final de estais de 74 a 91 cordoalhas - D = 15,7 mm - 50 kW | C17: E9687 | D17: 0.06 | E17: GRANDE | F17: 2 | G17: 60
A18: E9036 | B18: Grua fixa para alturas de 60 a 102 m, com alcance de 60 m com capacidade de 1.500 kg na ponta da lança - 37 kW | C18: E9666 | D18: 9.88 | E18: GRANDE | F18: 6 | G18: 60
A19: E9037 | B19: Plataforma de inspeção sob pontes montada em caminhão com capacidade de 500 kg e alcance de 15 m - 188 kW | C19: E9037 | D19: 1,00 | E19: AUTOPROPELIDO | F19: 4 | G19: 60
A20: E9039 | B20: Máquina de solda por termofusão para tubos PEAD com gerador de 4 kW | C20: E9687 | D20: 0.08 | E20: GRANDE | F20: 2 | G20: 60
A21: E9041 | B21: Caminhão carroceria com guindauto com capacidade de 45 t.m - 188 kW | C21: E9041 | D21: 1,00 | E21: AUTOPROPELIDO | F21: 3 | G21: 60
A22: E9042 | B22: Trator sobre esteiras com lâmina - 97 kW | C22: E9665 | D22: 0.88 | E22: GRANDE | F22: 4 | G22: 60
A23: E9043 | B23: Embarcação de alumínio com comprimento de 6 m e motor de popa - 18,60 kW | C23: E9508 | D23: 1,00 | E23: GRANDE | F23: 2 | G23: 60
A24: E9044 | B24: Central de concreto com capacidade de 150 m³/h - dosadora e misturadora | C24: E9018 | D24: 2.18 | E24: GRANDE | F24: 9 | G24: 30
A25: E9049 | B25: Bomba de alta pressão para hidrojateamento com capacidade de 250 MPa - 72 kW | C25: E9686 | D25: 0.52 | E25: GRANDE | F25: 3 | G25: 60
A26: E9050 | B26: Guindaste móvel sobre pneus com 2 eixos com capacidade de 18 t - 97 kW | C26: E9050 | D26: 1,00 | E26: AUTOPROPELIDO | F26: 2 | G26: 60
A27: E9051 | B27: Máquina levantadora e posicionadora de via - 7,40 kW | C27: E9686 | D27: 0.36 | E27: GRANDE | F27: 3 | G27: 60
A28: E9052 | B28: Empilhadeira a diesel com capacidade de 10 t - 82 kW | C28: E9666 | D28: 0.4 | E28: GRANDE | F28: 6 | G28: 60
A29: E9053 | B29: Perfuratriz hidráulica montada em flutuante - 32 kW | C29: E9666 | D29: 0.53 | E29: GRANDE | F29: 6 | G29: 60
A30: E9054 | B30: Equipamento sobre forma-trilho para execução e acabamento de pavimento de concreto - 13,40 kW | C30: E9665 | D30: 0.74 | E30: GRANDE | F30: 4 | G30: 60
A31: E9055 | B31: Guincho pneumático com capacidade de 2,5 t | C31: E9687 | D31: 0.11 | E31: GRANDE | F31: 2 | G31: 60
A32: E9059 | B32: Plataforma autoelevatória de 12 x 24 m montada na obra com capacidade de 150 t | C32: E9018 | D32: 6.31 | E32: GRANDE | F32: 9 | G32: 30
A33: E9066 | B33: Grupo gerador - 14 kVA | C33: E9687 | D33: 0.12 | E33: GRANDE | F33: 2 | G33: 60
A34: E9068 | B34: Perfuratriz hidráulica rotopercussiva para CCPH - 123 kW | C34: E9666 | D34: 0.64 | E34: GRANDE | F34: 6 | G34: 60
A35: E9070 | B35: Ponte rolante com capacidade de 5 t e vão de até 15 m - 10 kW | C35: E9665 | D35: 2.58 | E35: GRANDE | F35: 4 | G35: 60
A36: E9072 | B36: Martelo hidráulico vibratório com unidade hidráulica - 486 kW | C36: E9665 | D36: 0.33 | E36: GRANDE | F36: 4 | G36: 60
A37: E9073 | B37: Bomba de concreto rebocável com capacidade de 30 m³/h - 74 kW | C37: E9687 | D37: 0.76 | E37: GRANDE | F37: 2 | G37: 60
A38: E9074 | B38: Tanque de estocagem de asfalto com agitadores de 60.000 l | C38: E9100 | D38: 0.33 | E38: GRANDE | F38: 2 | G38: 60
... A43: E9081 | B43: Fischietti simples com capacidade de 70 t | C43: E9687 | D43: 0.7 | E43: GRANDE | F43: 2 | G43: 60
A44: E9082 | B44: Bate-estaca hidráulico para defensas montado em caminhão guindauto com capacidade de 20 t.m e carroceria de 4 t - 136 kW | C44: E9082 | D44: 1,00 | E44: AUTOPROPELIDO | F44: 2 | G44: 60
A45: E9086 | B45: Bomba de concreto rebocável com capacidade de 41 m³/h - 74 kW | C45: E9687 | D45: 0.76 | E45: GRANDE | F45: 2 | G45: 60
A46: E9093 | B46: Veículo leve - 53 kW (sem motorista) | C46: E9093 | D46: 1,00 | E46: AUTOPROPELIDO | F46: 2 | G46: 60
A47: E9094 | B47: Guindaste móvel sobre pneus com 6 eixos com capacidade máxima de 350 t - 450 kW | C47: E9094 | D47: 1,00 | E47: AUTOPROPELIDO | F47: 6 | G47: 60
A48: E9095 | B48: Guindaste móvel sobre pneus com 8 eixos com capacidade máxima de 500 t - 500 kW | C48: E9095 | D48: 1,00 | E48: AUTOPROPELIDO | F48: 8 | G48: 60
A49: E9096 | B49: Minicarregadeira de pneus - 45,50 kW | C49: E9665 | D49: 0.26 | E49: GRANDE | F49: 4 | G49: 60
A50: E9097 | B50: Caminhão de resgate de veículos leves com plataforma com capacidade de 4 t - 115 kW | C50: E9097 | D50: 1,00 | E50: AUTOPROPELIDO | F50: 2 | G50: 60
A51: E9098 | B51: Caminhão de resgate de veículos de porte médio com capacidade do guincho de 20 t - 136 kW | C51: E9098 | D51: 1,00 | E51: AUTOPROPELIDO | F51: 3 | G51: 60
A52: E9099 | B52: Caminhão de resgate de veículos pesados com dois guinchos com capacidade de 35 t - 240 kW | C52: E9099 | D52: 1,00 | E52: AUTOPROPELIDO | F52: 3 | G52: 60
A53: E9100 | B53: Cavalo mecânico sem reboque - 210 kW | C53: E9100 | D53: 1,00 | E53: AUTOPROPELIDO | F53: 2 | G53: 60
A54: E9110 | B54: Escavadeira hidráulica sobre esteiras para rocha com caçamba com capacidade de 1,56 m³ - 118 kW | C54: E9666 | D54: 0.78 | E54: GRANDE | F54: 6 | G54: 60
A55: E9117 | B55: Carregadeira de pneus para rocha com capacidade de 2,50 m³ - 105 kW | C55: E9666 | D55: 0.52 | E55: GRANDE | F55: 6 | G55: 60
A56: E9119 | B56: Minicarregadeira sobre pneus com valetadeira - 55,40 kW | C56: E9665 | D56: 0.32 | E56: GRANDE | F56: 4 | G56: 60
A57: E9120 | B57: Equipamento de cravação sobre esteira para geodreno com haste para profundidade de até 20 m - 258 kW | C57: E9018 | D57: 0.97 | E57: GRANDE | F57: 9 | G57: 30
A58: E9122 | B58: Perfuratriz tipo Bottom Feed para coluna de brita - 194 kW | C58: E9018 | D58: 1.1 | E58: GRANDE | F58: 9 | G58: 30
A59: E9125 | B59: Veículo tipo van furgão com capacidade de 1,54 t - 93 kW | C59: E9125 | D59: 1 | E59: AUTOPROPELIDO | F59: 2 | G59: 60
A60: E9127 | B60: Escavadeira hidráulica com martelo hidráulico de 520 kg - 75 kW | C60: E9666 | D60: 0.58 | E60: GRANDE | F60: 6 | G60: 60
A61: E9134 | B61: Miniônibus com capacidade para 30 passageiros - 111 kW | C61: E9134 | D61: 1,00 | E61: AUTOPROPELIDO | F61: 2 | G61: 60
A62: E9144 | B62: Pórtico metálico rolante com talha com capacidade de 5 t - 10 kW | C62: E9666 | D62: 1.76 | E62: GRANDE | F62: 6 | G62: 60
A63: E9145 | B63: Caminhão basculante para concreto com capacidade de 7 m³ - 188 kW | C63: E9145 | D63: 1,00 | E63: AUTOPROPELIDO | F63: 3 | G63: 60
A64: E9146 | B64: Caminhão silo com capacidade de 30 m³ - 265 kW | C64: E9146 | D64: 1,00 | E64: AUTOPROPELIDO | F64: 3 | G64: 60
A65: E9151 | B65: Britador de mandíbulas móvel sobre esteiras, sem peneira, com capacidade de 140 m³/h - 170 kW | C65: E9018 | D65: 0.68 | E65: GRANDE | F65: 9 | G65: 30
A66: E9168 | B66: Carregadeira de pneus com implemento de garfo - 195 kW | C66: E9666 | D66: 0.64 | E66: GRANDE | F66: 6 | G66: 60
A67: E9169 | B67: Cavalo mecânico com dolly pneumático de 4 eixos e mesas de giro com capacidade de 57 t - 323 kW | C67: E9169 | D67: 1,00 | E67: AUTOPROPELIDO | F67: 7 | G67: 30
A68: E9170 | B68: Cavalo mecânico com dois dollys pneumáticos de 3 e 4 eixos e mesas de giro com capacidade de 77 t - 323 kW | C68: E9170 | D68: 1,00 | E68: AUTOPROPELIDO | F68: 10 | G68: 30
A69: E9171 | B69: Cavalo mecânico com dois dollys pneumáticos de 4 e 5 eixos e mesas de giro com capacidade de 111 t - 440 kW | C69: E9171 | D69: 1,00 | E69: AUTOPROPELIDO | F69: 12 | G69: 30
A70: E9199 | B70: Caminhão com sistema de hidrojateamento de alta pressão e vácuo para limpeza e desobstrução de bueiros com capacidade total de 15.600 l - 188 kW | C70: E9199 | D70: 1,00 | E70: AUTOPROPELIDO | F70: 3 | G70: 60
A71: E9200 | B71: Carregadeira de pneus para rocha com capacidade de 2,50 m³ - 105 kW com periculosidade | C71: E9666 | D71: 0.52 | E71: GRANDE | F71: 6 | G71: 60
A72: E9201 | B72: Caminhão basculante para rocha com capacidade de 12 m³ - 188 kW com periculosidade | C72: E9201 | D72: 1,00 | E72: AUTOPROPELIDO | F72: 3 | G72: 60
A73: E9202 | B73: Plataforma pantográfica montada em caminhão - 115 kW com periculosidade | C73: E9202 | D73: 1,00 | E73: AUTOPROPELIDO | F73: 2 | G73: 60
A74: E9203 | B74: Escavadeira hidráulica com martelo hidráulico de 1.700 kg - 103 kW com periculosidade | C74: E9666 | D74: 0.82 | E74: GRANDE | F74: 6 | G74: 60
A75: E9204 | B75: Perfuratriz sobre esteiras - 145 kW com periculosidade | C75: E9666 | D75: 0.59 | E75: GRANDE | F75: 6 | G75: 60
A76: E9205 | B76: Equipamento de corte a plasma CNC - 12.000 x 5.500 mm - 19,5 kW | C76: E9665 | D76: 3.68 | E76: GRANDE | F76: 4 | G76: 60
A77: E9213 | B77: Jumbo eletro-hidráulico com 3 braços - 155 kW/237 kW com periculosidade | C77: E9018 | D77: 1.11 | E77: GRANDE | F77: 9 | G77: 30
A78: E9502 | B78: Bate-estaca de gravidade para 6 t - 119 kW | C78: E9018 | D78: 1.08 | E78: GRANDE | F78: 9 | G78: 30
A79: E9503 | B79: Guilhotina hidráulica 16 x 6.100 mm - 30 kW | C79: E9018 | D79: 0.62 | E79: GRANDE | F79: 9 | G79: 30
A80: E9505 | B80: Prensa dobradeira capacidade 320 t - comprimento até 3.100 mm - 30 kW | C80: E9665 | D80: 0.85 | E80: GRANDE | F80: 4 | G80: 60
A81: E9506 | B81: Caminhão basculante com capacidade de 6 m³ - 136 kW | C81: E9506 | D81: 1,00 | E81: AUTOPROPELIDO | F81: 2 | G81: 60
A82: E9508 | B82: Caminhão carroceria com capacidade de 9 t - 136 kW | C82: E9508 | D82: 1,00 | E82: AUTOPROPELIDO | F82: 2 | G82: 60
A83: E9509 | B83: Caminhão tanque distribuidor de asfalto com capacidade de 6.000 l - 7 kW/136 kW | C83: E9509 | D83: 1,00 | E83: AUTOPROPELIDO | F83: 2 | G83: 60
A84: E9511 | B84: Carregadeira de pneus com capacidade de 3,40 m³ - 195 kW | C84: E9666 | D84: 0.64 | E84: GRANDE | F84: 6 | G84: 60
A85: E9512 | B85: Veículo leve - 53 kW | C85: E9512 | D85: 1,00 | E85: AUTOPROPELIDO | F85: 2 | G85: 60
A86: E9514 | B86: Distribuidor de agregados sobre pneus autopropelido - 130 kW | C86: E9665 | D86: 0.77 | E86: GRANDE | F86: 4 | G86: 60
A87: E9515 | B87: Escavadeira hidráulica sobre esteiras com caçamba com capacidade de 1,56 m³ - 118 kW | C87: E9666 | D87: 0.78 | E87: GRANDE | F87: 6 | G87: 60
A88: E9516 | B88: Perfuratriz hidráulica sobre esteiras - 283 kW | C88: E9018 | D88: 1.24 | E88: GRANDE | F88: 9 | G88: 30
A89: E9520 | B89: Caminhão com caçamba térmica com capacidade de 6 m³ - 188 kW | C89: E9520 | D89: 1,00 | E89: AUTOPROPELIDO | F89: 3 | G89: 60
A90: E9523 | B90: Motoscraper - 304 kW | C90: E9018 | D90: 1.72 | E90: GRANDE | F90: 9 | G90: 30
A91: E9524 | B91: Motoniveladora - 93 kW | C91: E9666 | D91: 0.68 | E91: GRANDE | F91: 6 | G91: 60
A92: E9525 | B92: Ponte rolante com capacidade de 15 t e vão de até 15 m - 20 kW | C92: E9665 | D92: 2.58 | E92: GRANDE | F92: 4 | G92: 60
A93: E9526 | B93: Retroescavadeira de pneus com capacidade de 0,76 m³ - 58 kW | C93: E9666 | D93: 0.75 | E93: GRANDE | F93: 6 | G93: 60
A94: E9528 | B94: Empilhadeira a diesel com capacidade de 4 t - 60 kW | C94: E9508 | D94: 0.72 | E94: GRANDE | F94: 2 | G94: 60
A95: E9529 | B95: Jateador para estruturas metálicas com transportador a roletes - 22 kW | C95: E9666 | D95: 2,00 | E95: GRANDE | F95: 6 | G95: 60
A96: E9530 | B96: Rolo compactador liso vibratório autopropelido por pneus de 11 t - 97 kW | C96: E9665 | D96: 0.68 | E96: GRANDE | F96: 4 | G96: 60
A97: E9536 | B97: Embarcação de transporte de pessoal e apoio logístico - 30 kW | C97: E9687 | D97: 1,00 | E97: GRANDE | F97: 2 | G97: 60
A98: E9540 | B98: Trator sobre esteiras com lâmina - 127 kW | C98: E9665 | D98: 0.94 | E98: GRANDE | F98: 4 | G98: 60
A99: E9541 | B99: Trator sobre esteiras com lâmina - 259 kW | C99: E9018 | D99: 0.73 | E99: GRANDE | F99: 9 | G99: 30
A100: E9545 | B100: Vibroacabadora de asfalto sobre esteiras - 82 kW | C100: E9665 | D100: 0.77 | E100: GRANDE | F100: 4 | G100: 60
A101: E9558 | B101: Tanque de estocagem de asfalto com capacidade de 30.000 l | C101: E9018 | D101: 0.67 | E101: GRANDE | F101: 9 | G101: 30
A102: E9560 | B102: Ônibus com capacidade para 46 passageiros - 153 kW | C102: E9560 | D102: 1,00 | E102: AUTOPROPELIDO | F102: 2 | G102: 60
A103: E9563 | B103: Perfuratriz hidráulica sobre esteiras com clamshell - 220 kW | C103: E9018 | D103: 0.64 | E103: GRANDE | F103: 9 | G103: 30
A104: E9565 | B104: Trator sobre esteiras com lâmina e escarificador - 259 kW | C104: E9018 | D104: 0.73 | E104: GRANDE | F104: 9 | G104: 30
...

Sheet Plan2
